 Dungeon Crawl Stone Soup version 0.31-a0-876-gfe8ebadbca (webtiles) character file.

Game seed: 7908297065418931831

11273798 scionoferis the Intangible (level 27, 199/199 HPs)
             Began as a Kobold Brigand on Oct 10, 2023.
             Was the Champion of Wu Jian.
             Escaped with the Orb
             ... and 15 runes on Oct 13, 2023!
             The game lasted 13:36:01 (146352 turns).

scionoferis the Intangible (Kobold Brigand)       Turns: 146352, Time: 13:36:03

Health: 199/199    AC: 38    Str: 17    XL:     27
Magic:  37/37      EV: 57    Int: 13    God:    Wu Jian [******]
Gold:   14901      SH: 33    Dex: 38    Spells: 15/46 levels left

rFire   + . .        a - +9 rapier (speed)
rCold   + . .        e - +5 kite shield {rC+ rF+}
rNeg    + + +        v - quicksilver dragon scales
rPois   ∞            F - +2 hat of Farfalle {SInv}
rElec   +            d - +1 cloak of Starlight {*Dazzle EV+4 Stlth--}
rCorr   +            i - +2 pair of gloves {Dex+3}
SInv    +            s - +2 pair of boots {Stlth+}
Will    +++++        G - amulet of Elyvilon's Displeasure {Reflect Slay+2 SH+5}
Stlth   ++++         C - ring of the Platytaur {rC- rN+ Str+6 Dex+8 Slay+5 Stlth+}
HPRegen 0.53/turn    L - ring of Seroetau {rElec Will+ rCorr AC+4}
MPRegen 0.25/turn

%: reflection, clarity
@: death-form, studying 6 skills
A: vile attack, torment immunity, no potions, small, no large weapons,
nightstalker 3, iridescent scales 1, clarity, subdued magic 1
0: Orb of Zot
}: 15/15 runes: serpentine, barnacled, slimy, silver, golden, iron, obsidian,
icy, bone, abyssal, demonic, glowing, magical, fiery, dark
a: Siphon Essence, Begin Untransformation, Renounce Religion, Wall Jump,
Serpent's Lash, Heavenly Storm


You escaped.
You worshipped Wu Jian.
Wu Jian was exalted by your worship.
You were an undying horror.
You visited 18 branches of the dungeon, and saw 88 of its levels.
You visited Pandemonium 1 time, and saw 13 of its levels.
You visited the Abyss 1 time.
You visited 2 bazaars.
You also visited: Trove, Bailey, Ice Cave and Wizlab.

You collected 19649 gold pieces.
You spent 4748 gold pieces at shops.


Innate Abilities, Weirdness & Mutations

You are an undying horror.
Your melee and unarmed attacks drain, slow and weaken victims.
You are immune to unholy pain and torment.
You cannot drink.
You are immune to poison.
You are small and have problems with some larger weapons.
You are completely attuned to the shadows.
You are partially covered in iridescent scales. (AC +2)
You possess an exceptional clarity of mind.
Your spells are a little easier to cast, but a little less powerful.


   Skills:
 O Level 27 Fighting
 - Level 22.6(27) Short Blades
 - Level 18.0(20.1) Long Blades
 - Level 2.1 Throwing
 + Level 23.9 Armour
 O Level 27 Dodging
 O Level 27 Stealth
 + Level 26.9 Shields
 - Level 10.0 Spellcasting
 - Level 15.0 Necromancy
 - Level 12.0 Translocations
 - Level 8.0 Transmutations
 - Level 12.0 Air Magic
 - Level 5.0 Earth Magic
 - Level 21.0 Evocations
 - Level 23.0 Shapeshifting


You had 15 spell levels left.
You knew the following spells:

 Your Spells              Type           Power      Damage    Failure   Level
a - Apportation           Tloc           58%        N/A       1%          1
b - Blink                 Tloc           58%        N/A       1%          2
c - Passwall              Tmut/Erth      15%        N/A       1%          2
d - Passage of Golubria   Tloc           29%        N/A       1%          4
e - Vhi's Electric Charg  Tloc/Air       58%        N/A       1%          4
f - Wereblood             Tmut           21%        N/A       1%          2
g - Lesser Beckoning      Tloc           58%        N/A       1%          2
h - Animate Dead          Necr           35%        N/A       1%          4
i - Death Channel         Necr           17%        N/A       3%          6
m - Manifold Assault      Tloc           29%        N/A       1%          4

Your spell library contained the following spells:

 Spells                   Type           Power      Damage    Failure   Level
 Necrotise                Necr           100%       1d9       0%          1
 Kiss of Death            Conj/Necr      80%        2d11      1%          1
 Sandblast                Erth           30%        2d9       1%          1
 Shock                    Conj/Air       68%        1d7       1%          1
 Sting                    Tmut/Pois      52%        1d5       1%          1
 Cigotuvi's Dreadful Rot  Necr/Pois/Air  46%        N/A       1%          2
 Momentum Strike          Conj/Tloc      34%        3d8       1%          2
 Poisonous Vapours        Pois/Air       34%        N/A       1%          2
 Static Discharge         Conj/Air       34%        2-4/arc   1%          2
 Sublimation of Blood     Necr           35%        N/A       1%          2
 Gell's Gravitas          Tloc           29%        N/A       1%          3
 Swiftness                Air            29%        N/A       1%          3
 Teleport Other           Tloc           29%        N/A       1%          3
 Vampiric Draining        Necr           35%        2d8       1%          3
 Airstrike                Air            14%        2d(3-19)  1%          4
 Dispel Undead            Necr           35%        3d15      1%          4
 Agony                    Necr           35%        N/A       1%          5
 Volatile Blastmotes      Fire/Tloc      34%        2d12      2%          3
 Anguish                  Hex/Necr       10%        N/A       5%          4
 Borgnjor's Vile Clutch   Necr/Erth      12%        N/A       5%          5
 Mephitic Cloud           Conj/Pois/Air  13%        N/A       7%          3
 Petrify                  Tmut/Erth      18%        N/A       8%          4
 Dimensional Bullseye     Hex/Tloc       8%         N/A       10%         4
 Iskenderun's Mystic Bla  Conj/Tloc      17%        2d5       10%         4
 Summon Lightning Spire   Summ/Air       17%        N/A       10%         4
 Foxfire                  Conj/Fire      20%        2x1d5     12%         1
 Freeze                   Ice            20%        1d4       12%         1
 Magic Dart               Conj           20%        1d4       12%         1
 Slow                     Hex            20%        N/A       12%         1
 Summon Small Mammal      Summ           20%        N/A       12%         1
 Ignite Poison            Fire/Tmut/Pois 10%        N/A       13%         3
 Stone Arrow              Conj/Erth      20%        3d8       13%         3
 Dispersal                Tloc           14%        N/A       13%         6
 Call Imp                 Summ           10%        N/A       19%         2
 Jinxbite                 Hex            10%        N/A       19%         2
 Scorch                   Fire           10%        2d5       19%         2
 Searing Ray              Conj           10%        2d4       19%         2
 Arcjolt                  Conj/Air       8%         1d18      30%         5
 Silence                  Hex/Air        8%         N/A       30%         5
 Summon Forest            Summ/Tloc      8%         N/A       30%         5
 Call Canine Familiar     Summ           5%         N/A       36%         3
 Confusing Touch          Hex            5%         N/A       36%         3
 Dazzling Flash           Conj/Hex       10%        N/A       36%         3
 Frozen Ramparts          Ice            10%        1d2       36%         3
 Hailstorm                Conj/Ice       5%         3d4       36%         3
 Inner Flame              Hex/Fire       5%         N/A       36%         3
 Ozocubu's Armour         Ice            5%         N/A       36%         3
 Sigil of Binding         Hex            5%         N/A       36%         3
 Summon Guardian Golem    Hex/Summ       5%         N/A       36%         3
 Tukima's Dance           Hex            5%         N/A       36%         3
 Animate Armour           Summ/Erth      20%        N/A       41%         4
 Brom's Barrelling Bould  Conj/Erth      10%        2d3       41%         4
 Leda's Liquefaction      Hex/Erth       5%         N/A       41%         4
 Lee's Rapid Deconstruct  Erth           7%         3d7*      41%         5
 Alistair's Intoxication  Tmut/Pois      8%         N/A       56%         5
 Freezing Cloud           Conj/Ice/Air   6%         6-21      56%         5
 Irradiate                Conj/Tmut      6%         3d13      56%         5
 Yara's Violent Unravell  Hex/Tmut       6%         3d5       56%         5
 Simulacrum               Ice/Necr       10%        N/A       67%         6
 Cause Fear               Hex            2%         N/A       78%         4
 Flame Wave               Conj/Fire      5%         2d5       78%         4
 Fulminant Prism          Conj/Hex       2%         3d5       78%         4
 Olgreb's Toxic Radiance  Pois           5%         N/A       78%         4
 Sticky Flame             Conj/Fire      5%         2d3       78%         4
 Summon Ice Beast         Ice/Summ       5%         N/A       78%         4
 Conjure Ball Lightning   Conj/Air       8%         3x3d6     86%         6
 Plasma Beam              Fire/Air       8%         2x1d19    86%         6
 Borgnjor's Revivificati  Necr           17%        N/A       88%         8
 Infestation              Necr           17%        N/A       88%         8
 Fireball                 Conj/Fire      2%         3d4       98%         5
 Iskenderun's Battlesphe  Conj           5%         2d6       98%         5
 Metabolic Englaciation   Hex/Ice        2%         N/A       98%         5
 Summon Mana Viper        Hex/Summ       5%         N/A       98%         5
 Eringya's Noxious Bog    Tmut/Pois      6%         4d6       99%         6
 Haunt                    Necr/Summ      10%        N/A       99%         7
 Bombard                  Conj/Erth      5%         9d2       100%        6
 Starburst                Conj/Fire      2%         6d3       100%        6
 Summon Cactus Giant      Summ           2%         N/A       100%        6
 Enfeeble                 Hex            2%         N/A       100%        7
 Malign Gateway           Summ/Tloc      8%         N/A       100%        7
 Monstrous Menagerie      Summ           2%         N/A       100%        7
 Orb of Destruction       Conj           2%         9d5       100%        7
 Ozocubu's Refrigeration  Ice            2%         4d8       100%        7
 Spellforged Servitor     Conj/Summ      2%         N/A       100%        7
 Summon Hydra             Summ           2%         N/A       100%        7
 Discord                  Hex            2%         N/A       100%        8
 Disjunction              Tloc           14%        N/A       100%        8
 Ignition                 Fire           2%         3d3       100%        8
 Lehudib's Crystal Spear  Conj/Erth      5%         10d3      100%        8
 Maxwell's Capacitive Co  Air            14%        ∞         100%        8
 Summon Horrible Things   Summ           2%         N/A       100%        8
 Dragon's Call            Summ           2%         N/A       100%        9
 Fire Storm               Conj/Fire      2%         8d1       100%        9
 Polar Vortex             Ice            2%         N/A       100%        9
 Shatter                  Erth           7%         3d10*     100%        9

Inventory:

Hand Weapons
 a - a +9 rapier of speed (weapon)
   (You took it off a merfolk aquamancer on level 2 of the Shoals)
 A - a +9 antimagic demon blade
   (You found it on level 3 of the Crypt)
Missiles
 k - 78 poisoned darts
 m - 17 curare-tipped darts
 S - 3 throwing nets (quivered)
Armour
 b - the orb of Dispater {+Damnation *Corrode AC+5}
   (You took it off Dispater on level 7 of the Iron City of Dis)

   +Damnation: It grants the ability to hurl damnation at the cost of health and
   magic, with strength depending on Evocations skill.
   AC+5:      It affects your AC (+5).
   *Corrode:  It may corrode you when you take damage.
 d - the +1 cloak of Starlight (worn) {*Dazzle EV+4 Stlth--}
   (You found it in a wizard's laboratory)

   *Dazzle:   It may blind those who miss an attack against the wearer in melee
   combat.
   EV+4:      It affects your evasion (+4).
   Stlth--:   It makes you much less stealthy.
 e - a +5 kite shield of resistance (worn)
   (You took it off a naga warrior on level 1 of the Snake Pit)
 i - a +2 pair of gloves of dexterity (worn)
   (You found it in a wizard's laboratory)
 s - a +2 pair of boots of stealth (worn)
   (You found it on level 3 of the Elven Halls)
 v - quicksilver dragon scales (worn)
   (You found it on level 3 of the Depths)
 F - the +2 hat of Farfalle (worn) {SInv}
   (You found it in a wizard's laboratory)

   SInv:      It lets you see invisible.
Jewellery
 o - the ring of Shadows {Umbra +Inv Stlth+}
   (You found it in a treasure trove)

   [ring of stealth]

   Umbra:     It surrounds you with an aura of shadow, increasing your stealth
   and reducing the accuracy of all others within it.
   +Inv:      It lets you turn invisible.
   Stlth+:    It makes you more stealthy.
 C - the ring of the Platytaur (left hand) {rC- rN+ Str+6 Dex+8 Slay+5 Stlth+}
   (You found it on level 8 of the Dungeon)

   [ring of strength]

   Str+6:     It affects your strength (+6).
   Dex+8:     It affects your dexterity (+8).
   Slay+5:    It affects your accuracy & damage with ranged weapons and melee
   (+5).
   rC-:       It makes you vulnerable to cold.
   rN+:       It protects you from negative energy.
   Stlth+:    It makes you more stealthy.
 G - the amulet of Elyvilon's Displeasure (around neck) {Reflect Slay+2 SH+5}
   (You took it off a deep elf high priest on level 1 of the Vaults)

   [amulet of reflection]

   Reflect:   It reflects blocked missile attacks.
   Slay+2:    It affects your accuracy & damage with ranged weapons and melee
   (+2).
   SH+5:      It affects your SH (+5).
 K - the ring of the Ancients {rF+ Int+6}
   (You took it off a deep elf demonologist on level 5 of the Vaults)

   [ring of protection from fire]

   Int+6:     It affects your intelligence (+6).
   rF+:       It protects you from fire.
 L - the ring of Seroetau (right hand) {rElec Will+ rCorr AC+4}
   (You found it on level 1 of the Snake Pit)

   [ring of protection]

   AC+4:      It affects your AC (+4).
   rElec:     It insulates you from electricity.
   Will+:     It increases your willpower.
   rCorr:     It protects you from acid and corrosion.
 O - the ring of Wuriant {Fly Dex+6}
   (You found it in an ice cave)

   [ring of flight]

   Dex+6:     It affects your dexterity (+6).
   Fly:       It grants you flight.
Talismans
 X - a talisman of death (active)
   (You found it on level 3 of the Elven Halls)
Wands
 x - a wand of light (29)
   (You found it on level 1 of the Lair of Beasts)
 J - a wand of mindburst (73)
   (You found it on level 15 of the Dungeon)
 M - a wand of roots (62)
   (You found it on level 6 of the Dungeon)
 U - a wand of digging (20)
   (You found it on level 8 of the Dungeon)
Scrolls
 j - 3 scrolls of revelation
 n - 14 scrolls of blinking
 u - 14 scrolls of teleportation
 w - 15 scrolls of fog
 D - 11 scrolls of poison
 H - 6 scrolls of summoning
 Q - 13 scrolls of fear
 Y - 5 scrolls of silence
Potions
 c - 8 potions of brilliance
 h - 11 potions of haste
 p - 13 potions of might
 y - 5 potions of resistance
 z - 4 potions of curing
 E - 7 potions of mutation
 R - 4 potions of invisibility
Miscellaneous
 f - a figurine of a ziggurat
 I - the horn of Geryon
   (You took it off Geryon in the Vestibule of Hell)
 P - a box of beasts
   (You found it on level 5 of the Vaults)
 T - a lightning rod (4/4)
   (You found it on level 1 of the Snake Pit)
 V - a tin of tremorstones (2/2)
   (You found it in an ice cave)
 W - a phantom mirror
   (You found it on level 5 of the Vaults)

Dungeon Overview and Level Annotations

Branches:
Dungeon (15/15)            Temple (1/1) D:5            Lair (5/5) D:11
 Shoals (4/4) Lair:2        Snake (4/4) Lair:3        Slime (5/5) Lair:5
    Orc (2/2) D:12            Elf (3/3) Orc:2        Vaults (5/5) D:13
  Crypt (3/3) Vaults:2       Tomb (3/3) Crypt:3      Depths (4/4) D:15
   Hell (visited)             Dis (7/7) Hell            Geh (7/7) Hell
    Coc (7/7) Hell            Tar (7/7) Hell            Zot (5/5) Depths:4
 Bailey (visited)           IceCv (visited)          WizLab (visited)

Altars:
Ashenzari
Cheibriados
Dithmenos
Elyvilon
Fedhas
Gozag
Hepliaklqana
Kikubaaqudgha
Makhleb
Nemelex Xobeh
Okawaru
Qazlal
Ru
Sif Muna
Trog
Uskayaw
Vehumet
Wu Jian
Xom
Yredelemnul
Zin
The Shining One

Shops:
D:4 ?:   D:8 !   D:12 [   D:13 *   D:15 !   Orc:1 (   Orc:2 (*?(   Elf:1 *
Snake:2 [[!(   Vaults:1 =!   Vaults:3 [   Vaults:4 [!

Portals:
Hell: Depths:1 Depths:2 Depths:3 Depths:4
Abyss: D:7 Depths:3 Depths:4
Pandemonium: Depths:1 Depths:2
Ziggurat: Depths:2

Annotations:
Elf:3 dig for xp?

##.##.##.##.....................#
##...............................
###..............................
.................................
......>......§P§.P...........)...
.............§≈§§≈§.P..P.........
........>....§.....≈≈§≈≈≈.P..P...
.........................≈≈≈≈≈≈..
................z............§§..
...................§.....≈§§≈≈≈..
.........#.....)...≈≈≈≈≈≈§P..P...
.............≈§§§≈≈.P..P........#
.....#.###....P..P...............
.....#.###.......§...............
.....#...#.......................
.........##......................
#........##.....................#


There were no monsters in sight!


Message History

You hit the Hell Sentinel.
The Hell Sentinel decays.
The Hell Sentinel is severely wounded.
You puncture the Hell Sentinel!
The Hell Sentinel decays.
The Hell Sentinel is severely wounded.
The ancient champion completely misses you.
The Hell Sentinel gestures at you. The iron shot misses you.
Unknown command.
You spin and attack the Hell Sentinel repeatedly.
You hit the Hell Sentinel but do no damage.
The Hell Sentinel is severely wounded.
You hit the Hell Sentinel.
The Hell Sentinel decays.
The Hell Sentinel is severely wounded.
You hit the Hell Sentinel but do no damage.
The Hell Sentinel is severely wounded.
Unknown command.
You spin and attack the ancient champion repeatedly.
You completely miss the ancient champion.
The ancient champion is moderately damaged.
You hit the ancient champion but do no damage.
The ancient champion is moderately damaged.
You puncture the ancient champion!
The ancient champion decays.
The ancient champion is heavily damaged.
You spin and attack the Hell Sentinel repeatedly.
You hit the Hell Sentinel.
The Hell Sentinel decays.
The Hell Sentinel is almost dead.
You hit the Hell Sentinel but do no damage.
The Hell Sentinel is almost dead.
You hit the Hell Sentinel.
The Hell Sentinel decays.
The Hell Sentinel is almost dead.
The ancient champion points at you and mumbles some strange words.
You block the iron shot... and reflect it back!
The iron shot hits the ancient champion!
The Hell Sentinel misses you.
The Hell Sentinel is blinded by the light from your cloak!
You block the Hell Sentinel's attack.
You spin and attack the ancient champion repeatedly.
You hit the ancient champion but do no damage.
The ancient champion is heavily damaged.
You hit the ancient champion.
The ancient champion decays.
The ancient champion is heavily damaged.
You puncture the ancient champion!
The ancient champion decays.
The ancient champion is almost destroyed.
You spin and attack the Hell Sentinel repeatedly.
You catch the helpless Hell Sentinel completely off-guard!
You spit the Hell Sentinel like a pig!!!
You kill the Hell Sentinel!
The Council accepts your kill.
The ancient champion gestures at you while chanting.
You block the iron shot... and reflect it back!
The iron shot hits the ancient champion!!!
You destroy the ancient champion!
The Council accepts your kill.
You spin and attack the iron golem repeatedly.
You hit the iron golem but do no damage.
The iron golem is moderately damaged.
You impale the iron golem!!
The iron golem is moderately damaged.
You hit the iron golem but do no damage.
The iron golem is moderately damaged.
You barely miss the iron golem.
The iron golem is moderately damaged.
You spin and attack the iron golem repeatedly.
You puncture the iron golem!
You destroy the iron golem!
The Council accepts your kill.
You spin and attack the iron golem repeatedly.
You hit the iron golem but do no damage.
The iron golem is moderately damaged.
You hit the iron golem.
The iron golem is moderately damaged.
You puncture the iron golem!
The iron golem is heavily damaged.
You block the iron golem's attack. The iron golem hits you.
The iron golem attacks as it pursues you!
You block the iron golem's attack. x2
There is an open gate here.
There is an open gate here.
You lunge at the iron golem, in a flurry of attacks.
You hit the iron golem.
The iron golem is heavily damaged.
You impale the iron golem!!
The iron golem is heavily damaged.
You puncture the iron golem!
The iron golem is heavily damaged.
There is an open gate here.
You hit the iron golem.
The iron golem is heavily damaged.
You puncture the iron golem!
The iron golem is severely damaged.
You block the iron golem's attack. The iron golem completely misses you.
You hit the iron golem but do no damage.
The iron golem is severely damaged.
You hit the iron golem.
The iron golem is severely damaged.
You block the iron golem's attack.
The iron golem hits you but does no damage.
You puncture the iron golem!
The iron golem is severely damaged.
You hit the iron golem.
The iron golem is severely damaged.
You hit the iron golem but do no damage.
The iron golem is severely damaged.
The iron golem completely misses you. You block the iron golem's attack.
You impale the iron golem!!
The iron golem is severely damaged.
You puncture the iron golem!
The iron golem is almost destroyed.
You puncture the iron golem!
The iron golem is almost destroyed.
You block the iron golem's attack. The iron golem completely misses you.
You puncture the iron golem!
The iron golem is almost destroyed.
You hit the iron golem.
The iron golem is almost destroyed.
You puncture the iron golem!
The iron golem is almost destroyed.
You block the iron golem's attack. x2
You hit the iron golem but do no damage.
The iron golem is almost destroyed.
You hit the iron golem but do no damage.
The iron golem is almost destroyed.
You hit the iron golem but do no damage.
The iron golem is almost destroyed.
You block the iron golem's attack. x2
You hit the iron golem but do no damage.
The iron golem is almost destroyed.
You hit the iron golem but do no damage.
The iron golem is almost destroyed.
You hit the iron golem.
The iron golem is almost destroyed.
You block the iron golem's attack. x2
You hit the iron golem but do no damage.
The iron golem is almost destroyed.
You hit the iron golem but do no damage.
The iron golem is almost destroyed.
You hit the iron golem.
The iron golem is almost destroyed.
You block the iron golem's attack. The iron golem completely misses you.
You puncture the iron golem!
The iron golem is almost destroyed.
You puncture the iron golem!
You destroy the iron golem!
The Council accepts your kill.
No target in view!
You close the gate.
You start resting.
HP restored.
You open the gate.
There is an open gate here.
There is an open gate here.
An ancient champion comes into view.
It is wielding a +2 battleaxe of draining.
There is a large open door here.
You catch the helpless ancient champion completely off-guard!
You spit the ancient champion like a pig!!!!
You destroy the ancient champion!
The Council accepts your kill.
You now have 14901 gold pieces (gained 127).
Things that are here:
a +2 battleaxe of draining; a +0 plate armour You see here a throwing net.
S - 3 throwing nets (gained 1)
You lunge at Dispater, in a flurry of attacks.
You catch the helpless Dispater completely off-guard!
You stick Dispater like a pincushion!!!!
Dispater decays.
Dispater is moderately wounded.
You impale Dispater!!
Dispater decays.
Dispater is moderately wounded.
Throw: 3 throwing nets
Press: ? - help, Q - select action, (/) - cycle Shift-Dir - straight line, f/p - Dispater
Aim: Dispater, wearing the orb of Dispater {+Damnation *Corrode AC+5} (moderately wounded, slow, weak, umbra, 92% to hit)
You throw a throwing net. The throwing net hits Dispater.
Dispater is caught in the net!
Dispater is moderately wounded.
Dispater struggles against the net.
You impale Dispater!!
Dispater decays.
Dispater is moderately wounded.
You hit Dispater.
Dispater decays.
Dispater is moderately wounded.
You catch the helpless Dispater completely off-guard!
You skewer Dispater like a kebab!!!!
Dispater decays.
Dispater is severely wounded.
Dispater struggles against the net.
You hit Dispater but do no damage.
Dispater is severely wounded.
You catch the helpless Dispater completely off-guard!
You perforate Dispater like a sieve!!!!
Dispater decays.
Dispater is almost dead.
You strike the helpless Dispater from behind!
You perforate Dispater like a sieve!!!!
You kill Dispater!
The Council accepts your kill.
S - 3 throwing nets (gained 1)
You see here the orb of Dispater {+Damnation *Corrode AC+5}.
Unknown command.
b - the orb of Dispater {+Damnation *Corrode AC+5}
There is a large open door here.
There is a large open door here.
Found a wand of flame (8).
Found a talisman of death and a staff of fire.
There is a large open door here.
You see here the staff of a Labyrinth {rC+ Will+ Dex+3 Ice}.
You see here a talisman of death.
You see here a staff of fire.
You see here a wand of flame (8).
There is a large open door here.
There is a large open door here.
There is a large open door here.
There is a large open door here.
There is a large open door here.
Found a wand of roots (3) and a manual of Staves.
Found a glowing quarterstaff and a wand of mindburst (11).
There is a large open door here.
M - a wand of roots (62) (gained 3 charges)
You see here a +4 spectral quarterstaff.
J - a wand of mindburst (73) (gained 11 charges)
You pick up a manual of Staves and begin studying.
There is a large open door here.
There is a large open door here.
There is a large open door here.
Unknown command.
There is a large open door here.
You pick up the iron rune and feel its power.
You have collected all the runes!
Now go and win!
Press } to see all the runes you have collected.
Unknown command.
Found a runed mace.
A Hell Sentinel comes into view.
The Hell Sentinel roars!
A Hell Sentinel comes into view.
The Hell Sentinel gestures at you.
The sphere of damnation explodes!
The damnation engulfs you!!
You hear a roar!
You hear a shout!
Found a spiked crystal plate armour.
You lunge at the Hell Sentinel, in a flurry of attacks.
You hit the Hell Sentinel but do no damage. x3
You puncture the Hell Sentinel!
The Hell Sentinel decays.
The Hell Sentinel is lightly wounded.
You block the Hell Sentinel's attack.
The Hell Sentinel completely misses you.
There is a large open door here.
You puncture the Hell Sentinel!
The Hell Sentinel decays.
The Hell Sentinel is lightly wounded.
You spin and attack the Hell Sentinel repeatedly.
You hit the Hell Sentinel but do no damage.
You hit the Hell Sentinel.
The Hell Sentinel decays.
The Hell Sentinel is lightly wounded.
You hit the Hell Sentinel but do no damage.
The Hell Sentinel is lightly wounded.
You spin and attack the Hell Sentinel repeatedly.
You hit the Hell Sentinel but do no damage.
The Hell Sentinel is lightly wounded.
You hit the Hell Sentinel but do no damage.
The Hell Sentinel is lightly wounded.
You puncture the Hell Sentinel!
The Hell Sentinel decays.
The Hell Sentinel is moderately wounded.
The Hell Sentinel misses you. You block the Hell Sentinel's attack.
There is a large open door here.
You spin and attack the Hell Sentinel repeatedly.
You hit the Hell Sentinel but do no damage.
The Hell Sentinel is lightly wounded.
You hit the Hell Sentinel but do no damage.
The Hell Sentinel is lightly wounded.
You hit the Hell Sentinel but do no damage.
The Hell Sentinel is lightly wounded.
You spin and attack the Hell Sentinel repeatedly.
You puncture the Hell Sentinel!
The Hell Sentinel decays.
The Hell Sentinel is heavily wounded.
You hit the Hell Sentinel.
The Hell Sentinel decays.
The Hell Sentinel is heavily wounded.
You hit the Hell Sentinel but do no damage.
The Hell Sentinel is heavily wounded.
The Hell Sentinel gestures at you.
You block the iron shot... and reflect it back!
The iron shot hits the Hell Sentinel!!
You block the Hell Sentinel's attack.
The Hell Sentinel hits you but does no damage.
You hear a roar!
There is a large open door here.
You spin and attack the Hell Sentinel repeatedly.
You hit the Hell Sentinel.
The Hell Sentinel decays.
The Hell Sentinel is lightly wounded.
You puncture the Hell Sentinel!
The Hell Sentinel decays.
The Hell Sentinel is moderately wounded.
You spin and attack the Hell Sentinel repeatedly.
You hit the Hell Sentinel but do no damage.
The Hell Sentinel is heavily wounded.
You hit the Hell Sentinel but do no damage.
The Hell Sentinel is heavily wounded.
You hit the Hell Sentinel.
The Hell Sentinel decays.
The Hell Sentinel is heavily wounded.
You block the Hell Sentinel's attack. x2
There is a large open door here.
You spin and attack the Hell Sentinel repeatedly.
You hit the Hell Sentinel but do no damage.
The Hell Sentinel is moderately wounded.
You impale the Hell Sentinel!!
The Hell Sentinel decays.
The Hell Sentinel is moderately wounded.
You puncture the Hell Sentinel!
The Hell Sentinel decays.
The Hell Sentinel is heavily wounded.
You spin and attack the Hell Sentinel repeatedly.
You hit the Hell Sentinel.
The Hell Sentinel decays.
The Hell Sentinel is heavily wounded.
You hit the Hell Sentinel but do no damage.
The Hell Sentinel is heavily wounded.
You hit the Hell Sentinel.
The Hell Sentinel decays.
The Hell Sentinel is heavily wounded.
You block the Hell Sentinel's attack. x2
A Hell Sentinel comes into view.
There is a large open door here.
Unknown command.
You spin and attack the Hell Sentinel repeatedly.
You puncture the Hell Sentinel!
The Hell Sentinel decays.
The Hell Sentinel is severely wounded.
You puncture the Hell Sentinel!
The Hell Sentinel decays.
The Hell Sentinel is severely wounded.
You puncture the Hell Sentinel!
The Hell Sentinel decays.
The Hell Sentinel is severely wounded.
You spin and attack the Hell Sentinel repeatedly.
You hit the Hell Sentinel but do no damage.
The Hell Sentinel is heavily wounded.
You hit the Hell Sentinel.
The Hell Sentinel decays.
The Hell Sentinel is heavily wounded.
You puncture the Hell Sentinel!
The Hell Sentinel decays.
The Hell Sentinel is severely wounded.
You block the Hell Sentinel's attack. x2
There is a large open door here.
Unknown command.
You spin and attack the Hell Sentinel repeatedly.
You hit the Hell Sentinel but do no damage.
The Hell Sentinel is severely wounded.
You puncture the Hell Sentinel!
The Hell Sentinel decays.
The Hell Sentinel is almost dead.
You completely miss the Hell Sentinel.
The Hell Sentinel is almost dead.
You spin and attack the Hell Sentinel repeatedly.
You hit the Hell Sentinel.
The Hell Sentinel decays.
The Hell Sentinel is severely wounded.
You puncture the Hell Sentinel!
The Hell Sentinel decays.
The Hell Sentinel is severely wounded.
You hit the Hell Sentinel but do no damage.
The Hell Sentinel is severely wounded.
You block the Hell Sentinel's attack. x2
The Hell Sentinel completely misses you.
You block the Hell Sentinel's attack.
There is a large open door here.
Unknown command.
You spin and attack the Hell Sentinel repeatedly.
You hit the Hell Sentinel but do no damage.
The Hell Sentinel is almost dead.
You puncture the Hell Sentinel!
The Hell Sentinel decays.
The Hell Sentinel is almost dead.
You spin and attack the Hell Sentinel repeatedly.
You hit the Hell Sentinel but do no damage.
The Hell Sentinel is severely wounded.
You hit the Hell Sentinel.
The Hell Sentinel decays.
The Hell Sentinel is severely wounded.
You puncture the Hell Sentinel!
The Hell Sentinel decays.
The Hell Sentinel is severely wounded.
You block the Hell Sentinel's attack.
The Hell Sentinel completely misses you.
There is a large open door here.
Unknown command.
You spin and attack the Hell Sentinel repeatedly.
You hit the Hell Sentinel but do no damage.
The Hell Sentinel is almost dead.
You hit the Hell Sentinel but do no damage.
The Hell Sentinel is almost dead.
You hit the Hell Sentinel.
The Hell Sentinel decays.
The Hell Sentinel is almost dead.
You spin and attack the Hell Sentinel repeatedly.
You hit the Hell Sentinel but do no damage.
The Hell Sentinel is severely wounded.
You hit the Hell Sentinel.
The Hell Sentinel decays.
The Hell Sentinel is severely wounded.
You hit the Hell Sentinel but do no damage.
The Hell Sentinel is severely wounded.
You spin and attack the Hell Sentinel repeatedly.
You hit the Hell Sentinel but do no damage.
You puncture the Hell Sentinel!
The Hell Sentinel decays.
The Hell Sentinel is lightly wounded.
You block the Hell Sentinel's attack. x2
There is a large open door here.
You spin and attack the Hell Sentinel repeatedly.
You hit the Hell Sentinel but do no damage.
The Hell Sentinel is almost dead.
You completely miss the Hell Sentinel.
The Hell Sentinel is almost dead.
You hit the Hell Sentinel but do no damage.
The Hell Sentinel is almost dead.
You spin and attack the Hell Sentinel repeatedly.
You completely miss the Hell Sentinel.
The Hell Sentinel is severely wounded.
You puncture the Hell Sentinel!
The Hell Sentinel decays.
The Hell Sentinel is almost dead.
You puncture the Hell Sentinel!
The Hell Sentinel decays.
The Hell Sentinel is almost dead.
You spin and attack the Hell Sentinel repeatedly.
You hit the Hell Sentinel.
The Hell Sentinel decays.
The Hell Sentinel is lightly wounded.
You puncture the Hell Sentinel!
The Hell Sentinel decays.
The Hell Sentinel is lightly wounded.
You hit the Hell Sentinel but do no damage.
The Hell Sentinel is lightly wounded.
You block the Hell Sentinel's attack. x3; The Hell Sentinel barely misses you.
The Hell Sentinel misses you.
The Hell Sentinel completely misses you.
There is a large open door here.
You spin and attack the Hell Sentinel repeatedly.
You puncture the Hell Sentinel!
You kill the Hell Sentinel!
The Council accepts your kill.
You spin and attack the Hell Sentinel repeatedly.
You hit the Hell Sentinel but do no damage.
The Hell Sentinel is almost dead.
You completely miss the Hell Sentinel.
The Hell Sentinel is almost dead.
You impale the Hell Sentinel!!
You kill the Hell Sentinel!
The Council accepts your kill.
You spin and attack the Hell Sentinel repeatedly.
You hit the Hell Sentinel but do no damage.
The Hell Sentinel is lightly wounded.
You hit the Hell Sentinel but do no damage.
The Hell Sentinel is lightly wounded.
You barely miss the Hell Sentinel.
The Hell Sentinel is lightly wounded.
The Hell Sentinel completely misses you. x2
A cacodemon comes into view.
There is a large open door here.
Unknown command.
Unknown command.
Throw: 3 throwing nets
Press: ? - help, Q - select action, (/) - cycle Shift-Dir - straight line, f - Hell Sentinel
Aim: a Hell Sentinel (lightly wounded, slow, weak, umbra, 92% to hit)
You throw a throwing net.
The throwing net hits the Hell Sentinel.
The Hell Sentinel is caught in the net!
The Hell Sentinel is lightly wounded.
You block the cacodemon's attack. x2
Unknown command.
You catch the helpless Hell Sentinel completely off-guard!
You perforate the Hell Sentinel like a sieve!!!!
The Hell Sentinel decays.
The Hell Sentinel is almost dead.
The Hell Sentinel struggles against the net.
You hit the Hell Sentinel.
You kill the Hell Sentinel!
The Council accepts your kill.
You spin and attack the cacodemon repeatedly.
You impale the cacodemon!!
The cacodemon decays.
The cacodemon is moderately wounded.
You hit the cacodemon but do no damage.
The cacodemon is moderately wounded.
You hit the cacodemon.
The cacodemon decays.
The cacodemon is moderately wounded.
You puncture the cacodemon!
The cacodemon decays.
The cacodemon is heavily wounded.
The cacodemon gestures at you. The bolt of energy misses you.
You hit the cacodemon.
The cacodemon decays.
The cacodemon is heavily wounded.
You barely miss the cacodemon.
The cacodemon is heavily wounded.
You puncture the cacodemon!
The cacodemon decays.
The cacodemon is severely wounded.
You block the cacodemon's attack. x2
You completely miss the cacodemon.
The cacodemon is severely wounded.
You impale the cacodemon!!
The cacodemon decays.
The cacodemon is almost dead.
You hit the cacodemon but do no damage.
The cacodemon is almost dead.
You puncture the cacodemon!
You kill the cacodemon!
The Council accepts your kill.
S - 3 throwing nets (gained 1)
Something unseen opens the large door.
There is a large open door here.
A cacodemon comes into view.
You see here a +1 heavy mace.
There is a large open door here.
The cacodemon shouts!
You puncture the cacodemon!
The cacodemon decays.
The cacodemon is lightly wounded.
You closely miss the cacodemon.
The cacodemon is lightly wounded.
You impale the cacodemon!!
The cacodemon decays.
The cacodemon is moderately wounded.
You hit the cacodemon.
The cacodemon decays.
The cacodemon is heavily wounded.
You block the cacodemon's attack. x2
You impale the cacodemon!!
The cacodemon decays.
The cacodemon is severely wounded.
You puncture the cacodemon!
The cacodemon decays.
The cacodemon is almost dead.
You puncture the cacodemon!
You kill the cacodemon!
The Council accepts your kill.
No target in view!
There is a large open door here.
You see here the +0 crystal plate armour "Nuih" {MP+9 Int+3}.
There is a large open door here.
There is a large open door here.
There is a large open door here.
There is a large open door here.
There is an open gate here.
There is an open gate here.
There is a large open door, spattered with blood here.
Things that are here:
a +3 great mace; a +0 chain mail
There is a large open door here.
You see here a +0 dire flail.
You see here a +3 flail of protection.
There is a huge open gate here.
You enter the shallow water.
Moving in this stuff is going to be slow.
You enter the shallow water.
Moving in this stuff is going to be slow.
Done exploring.
Done exploring.
Search for what [Enter for "rcorr", or ? for help]? dis Unknown command.
Unknown command.
Welcome back, scionoferis the Kobold Brigand.
The Council says: Follow the path of wisdom and battle!
Press ? for a list of commands and other information.
You're wearing all the rings you can.
Remove which one? (? for menu, Esc to cancel) < or
C - the ring of the Platytaur {rC- rN+ Str+6 Dex+8 Slay+5 Stlth+} > or
o - the ring of Shadows {Umbra +Inv Stlth+} You remove the ring of Shadows {Umbra +Inv Stlth+}.
L - the ring of Seroetau (right hand) {rElec Will+ rCorr AC+4}
There is a fountain of blood here.
There is an open door here.
There is a gateway leading out of Dis here.
You go up through the gate.
Welcome back to the Vestibule of Hell!
There is a gateway to the Iron City of Dis here.
Okay, then.
Unknown command.
What level of the Dungeon? (default 1, ? - help)
Okay, then.
What level of the Realm of Zot? (default 1, ? - help)
You see here a +0 troll leather armour.
There is a gateway back to the Dungeon here.
Thank you for visiting Hell.
Please come again soon.
You go up through the gate.
Welcome back to the Depths!
There is a gateway to Hell here.
There is a stone staircase leading down here.
You climb downwards.
There is a stone staircase leading up here.
There is a stone staircase leading down here.
You climb downwards.
There is a stone staircase leading up here.
There is a stone staircase leading down here.
You climb downwards.
There is a stone staircase leading up here.
You see here a +0 troll leather armour.
You see here a +2 battleaxe of freezing.
Things that are here:
a +0 cloak; a +0 whip
There is a gate to the Realm of Zot, spattered with blood here.
You go down through the gate.
Welcome back to the Realm of Zot!
There is a gate leading back out of this place here.
There is an open door here.
You see here a +0 ring mail.
You see here a +0 dire flail.
Things that are here:
a +0 cloak; a +0 long sword
Things that are here:
a +0 cloak; a +0 bardiche
There is a stone staircase leading down here.
You climb downwards.
There is a stone staircase leading up here.
There is an open door here.
There is a stone staircase leading down here.
You climb downwards.
There is a stone staircase leading up here.
There is a stone staircase leading down here.
You climb downwards.
There is a stone staircase leading up, spattered with blood here.
There is a stone staircase leading down here.
You climb downwards.
Level annotation: 1 exclusion
There is a stone staircase leading up here.
You see here a +9 heavy club.
You see here a +8 club of distortion.
Things that are here:
a +0 cloak; a +0 long sword
Things that are here:
a +0 kite shield; a +0 cloak; a +0 war axe You see here a +2 short sword of venom.
Press: ? - help, v - describe, . - travel, g - get item Item here: the Orb of Zot.
The floor.
Removed exclusion.
You see here the Orb of Zot.
You pick up the Orb of Zot!
The Orb lets out a hideous shriek!
The lords of Pandemonium are not amused.
Beware!
Now all you have to do is get back out of the dungeon!
You enter a permanent teleport trap!
Your surroundings suddenly seem different.
Unknown command.
What level of the Dungeon? (default 15, ? - help)
A Brimstone Fiend comes into view.
You hit the Brimstone Fiend.
The Brimstone Fiend decays.
The Brimstone Fiend is lightly wounded.
Throw: 3 throwing nets
Press: ? - help, Q - select action, (/) - cycle Shift-Dir - straight line, f - Brimstone Fiend
Aim: a Brimstone Fiend (lightly wounded, slow, weak, 87% to hit)
You throw a throwing net.
The throwing net barely misses the Brimstone Fiend.
Unknown command.
Throw: 2 throwing nets
Press: ? - help, Q - select action, (/) - cycle Shift-Dir - straight line, f/p - Brimstone Fiend
Aim: a Brimstone Fiend (lightly wounded, slow, weak, 87% to hit)
You throw a throwing net.
The throwing net barely misses the Brimstone Fiend.
You block the Brimstone Fiend's attack.
The Brimstone Fiend completely misses you.
You block the Brimstone Fiend's attack.
Throw: throwing net
Press: ? - help, Q - select action, (/) - cycle Shift-Dir - straight line, f/p - Brimstone Fiend
Aim: a Brimstone Fiend (lightly wounded, slow, weak, 87% to hit)
You throw a throwing net.
The throwing net hits the Brimstone Fiend.
The Brimstone Fiend is caught in the net!
The Brimstone Fiend is lightly wounded.
You hit the Brimstone Fiend.
The Brimstone Fiend decays.
The Brimstone Fiend is lightly wounded.
You puncture the Brimstone Fiend!
The Brimstone Fiend decays.
The Brimstone Fiend is lightly wounded.
The Brimstone Fiend struggles against the net.
You impale the Brimstone Fiend!!
The Brimstone Fiend decays.
The Brimstone Fiend is heavily wounded.
You strike the helpless Brimstone Fiend from behind!
You spit the Brimstone Fiend like a pig!!!!
You kill the Brimstone Fiend!
The Council accepts your kill.
Cast which spell? (? or * to list)
Aiming: Apportation (safe; 1% risk of failure)
Press: ? - help, Dir - move target Apport: a throwing net Yoink!
You pull the item towards yourself.
Casting: Apportation (safe; 1% risk of failure)
Confirm with . or Enter, or press ? or * to list all spells.
Aiming: Apportation (safe; 1% risk of failure)
Press: ? - help, Dir - move target Apport: 2 throwing nets Yoink!
You pull the items towards yourself.
S - 3 throwing nets An Executioner comes into view.
The Executioner gestures.
The Executioner seems to speed up.
There is a stone staircase leading up here.
You block the Executioner's attack. x3
You climb upwards.
There is a stone staircase leading down here.
What level of the Dungeon? (default 1, ? - help)
There is a stone staircase leading up, spattered with blood here.
You climb upwards.
There is a stone staircase leading down here.
There is a stone staircase leading up here.
You climb upwards.
There is a stone staircase leading down here.
There is an open door here.
There is a stone staircase leading up here.
You climb upwards.
There is a stone staircase leading down here.
Things that are here:
a +2 cloak; a +4 long sword
Things that are here:
a +0 cloak; a +0 long sword You see here a +0 mace.
You see here a +0 ring mail.
There is a fountain of clear blue water here.
There is an open door here.
You see here a potion of degeneration.
There is a gate leading back out of this place here.
You go up through the gate.
Welcome back to the Depths!
There is a gate to the Realm of Zot, spattered with blood here.
Things that are here:
a +0 cloak; a +0 whip You see here a +0 scimitar.
A cherub comes into view. It is wielding a +3 flail of flaming.
You see here a +2 battleaxe of freezing.
Unknown command.
The cherub moves out of view.
You see here a +0 troll leather armour.
What level of the Dungeon? (default 1, ? - help)
There is a stone staircase leading up here.
You climb upwards.
There is a stone staircase leading down here.
There is a stone staircase leading up here.
You climb upwards.
There is a stone staircase leading down here.
There is an open door here.
There is an open door here.
There is an open door here.
There is a stone staircase leading up here.
You climb upwards.
There is a stone staircase leading down here.
There is a staircase back to the Dungeon here.
You climb upwards.
Welcome back to the Dungeon!
There is a staircase to the Depths here.
There is an open door here.
Things that are here:
a +0 robe; a +0 dagger
There is a broken door, spattered with blood here.
Items here: ))))) [.
Things that are here:
a +0 shortbow; a +0 giant club; a +0 giant spiked club
There is a stone staircase leading up, spattered with blood here.
Things that are here:
a +0 robe; a +1 dagger of pain You climb upwards.
There is a stone staircase leading down here.
There is a stone staircase leading up here.
You climb upwards.
There is a stone staircase leading down here.
There is an open door here.
A sun demon comes into view.
The sun demon shouts!
A sun demon comes into view.
You block the sun demon's attack.
You barely miss the sun demon. You hit the sun demon.
The sun demon decays.
The sun demon is lightly wounded.
You barely miss the sun demon.
The sun demon is lightly wounded.
The sun demon completely misses you.
You perforate the sun demon like a sieve!!!
The sun demon decays.
The sun demon is severely wounded.
You puncture the sun demon!
The sun demon decays.
The sun demon is almost dead.
You spin and attack the sun demon repeatedly.
You hit the sun demon.
The sun demon decays.
The sun demon is almost dead.
You puncture the sun demon!
You kill the sun demon!
The Council accepts your kill.
You spin and attack the sun demon repeatedly.
You barely miss the sun demon. You completely miss the sun demon.
You hit the sun demon.
The sun demon decays.
The sun demon is lightly wounded.
You block the sun demon's attack.
You stick the sun demon like a pincushion!!!
The sun demon decays.
The sun demon is severely wounded.
You puncture the sun demon!
The sun demon decays.
The sun demon is almost dead.
You hit the sun demon but do no damage.
The sun demon is almost dead.
You impale the sun demon!!
You kill the sun demon!
The Council accepts your kill.
What level of the Dungeon? (default 1, ? - help)
A sun demon comes into view.
A balrug comes into view.
It is wielding a +0 demon whip of venom.
The balrug shouts!
You impale the sun demon!!
The sun demon decays.
The sun demon is heavily wounded.
You closely miss the sun demon.
The sun demon is heavily wounded.
You block the sun demon's attack.
You puncture the sun demon!
The sun demon decays.
The sun demon is almost dead.
You puncture the sun demon!
You kill the sun demon!
The Council accepts your kill. The balrug gestures at you.
The fireball explodes!
The fireball engulfs you!! You resist.
You lunge at the balrug, in a flurry of attacks.
You skewer the balrug like a kebab!!!
The balrug decays.
The balrug is severely wounded.
You hit the balrug.
The balrug decays.
The balrug is severely wounded.
You puncture the balrug!
The balrug decays.
The balrug is almost dead.
You puncture the balrug!
You kill the balrug!
The Council accepts your kill.
No target in view!
What level of the Dungeon? (default 1, ? - help)
You see here a +0 demon whip of venom.
There is an open door here.
There is an open door here.
Things that are here:
a +0 chain mail; a +2 broad axe
There is an open door here.
A lorocyproca comes into view.
There is a stone staircase leading up here.
You climb upwards.
There is a stone staircase leading down here.
What level of the Dungeon? (default 1, ? - help)
There is a stone staircase leading up here.
You climb upwards.
There is a stone staircase leading down here.
An orange demon comes into view.
You lunge at the orange demon, in a flurry of attacks.
You impale the orange demon!!
The orange demon decays.
The orange demon is heavily wounded.
You barely miss the orange demon.
The orange demon is heavily wounded.
You puncture the orange demon!
The orange demon decays.
The orange demon is severely wounded.
The orange demon completely misses you. You block the orange demon's attack.
You hit the orange demon.
The orange demon decays.
The orange demon is severely wounded.
You perforate the orange demon like a sieve!!!
You kill the orange demon!
The Council accepts your kill.
An Orb Guardian comes into view.
There is a stone staircase leading up here.
You climb upwards.
There is a stone staircase leading down here.
What level of the Dungeon? (default 1, ? - help)
A wraith comes into view.
Unknown command.
You spin and attack the wraith repeatedly.
You strike the helpless wraith from behind!
You stick the wraith like a pincushion!!!!
You destroy the wraith!
The Council accepts your kill.
There is a stone staircase leading up here.
You climb upwards.
There is a stone staircase leading down here.
What level of the Dungeon? (default 1, ? - help)
There is an open door here.
Things that are here:
5 stones; a +0 club A balrug and 4 sun demons come into view.
The balrug is wielding a +0 demon whip of venom.
You spin and attack the sun demon repeatedly.
You impale the sun demon!!
The sun demon decays.
The sun demon is heavily wounded.
You puncture the sun demon!
The sun demon decays.
The sun demon is severely wounded.
You puncture the sun demon!
The sun demon decays.
The sun demon is severely wounded.
You spin and attack the sun demon repeatedly.
You closely miss the sun demon. You hit the sun demon but do no damage.
You puncture the sun demon!
The sun demon decays.
The sun demon is lightly wounded.
You lunge at the sun demon, in a flurry of attacks.
You impale the sun demon!!
The sun demon decays.
The sun demon is heavily wounded.
You impale the sun demon!!
You kill the sun demon!
The Council accepts your kill.
You spin and attack the sun demon repeatedly.
You puncture the sun demon!
You kill the sun demon!
The Council accepts your kill.
You spin and attack the sun demon repeatedly.
You hit the sun demon.
The sun demon decays.
The sun demon is lightly wounded.
You puncture the sun demon!
The sun demon decays.
The sun demon is moderately wounded.
You completely miss the sun demon.
The sun demon is moderately wounded.
You hear a chilling moan.
The balrug gestures at you. The bolt of fire hits you! You resist.
A hellwing comes into view.
You spin and attack the balrug repeatedly.
You completely miss the balrug. You puncture the balrug!
The balrug decays.
The balrug is lightly wounded.
You hit the balrug.
The balrug decays.
The balrug is lightly wounded.
You spin and attack the sun demon repeatedly.
You puncture the sun demon!
The sun demon decays.
The sun demon is moderately wounded.
You puncture the sun demon!
The sun demon decays.
The sun demon is heavily wounded.
You block the sun demon's attack. You block the balrug's attack.
Unknown command.
You lunge at the sun demon, in a flurry of attacks.
You impale the sun demon!!
The sun demon decays.
The sun demon is severely wounded.
You impale the sun demon!!
The sun demon decays.
The sun demon is almost dead.
You stick the sun demon like a pincushion!!!
You kill the sun demon!
The Council accepts your kill.
You spin and attack the balrug repeatedly.
You hit the balrug.
The balrug decays.
The balrug is moderately wounded.
You puncture the balrug!
The balrug decays.
The balrug is heavily wounded.
You spin and attack the sun demon repeatedly.
You hit the sun demon.
The sun demon decays.
The sun demon is severely wounded.
You completely miss the sun demon.
The sun demon is severely wounded.
You impale the sun demon!!
The sun demon decays.
The sun demon is almost dead.
You closely miss the sun demon.
The sun demon is almost dead.
You block the sun demon's attack.
The hellwing swoops through the air toward you!
You block the hellwing's attack. x2
You spin and attack the balrug repeatedly.
You hit the balrug.
The balrug decays.
The balrug is heavily wounded.
You puncture the balrug!
The balrug decays.
The balrug is heavily wounded.
You hit the balrug.
The balrug decays.
The balrug is severely wounded.
You spin and attack the sun demon repeatedly.
You hit the sun demon but do no damage.
The sun demon is almost dead.
You hit the sun demon.
You kill the sun demon!
The Council accepts your kill. The balrug completely misses you.
Unknown command.
You spin and attack the hellwing repeatedly.
You puncture the hellwing!
The hellwing decays.
The hellwing is moderately wounded.
You hit the hellwing but do no damage.
The hellwing is moderately wounded.
You hit the hellwing.
The hellwing decays.
The hellwing is heavily wounded.
You closely miss the hellwing.
The hellwing is heavily wounded.
You spin and attack the balrug repeatedly.
You puncture the balrug!
The balrug decays.
The balrug is almost dead.
You puncture the balrug!
The balrug decays.
The balrug is almost dead.
You closely miss the balrug.
The balrug is almost dead.
You block the balrug's attack.
Unknown command.
You spin and attack the hellwing repeatedly.
You hit the hellwing but do no damage.
The hellwing is heavily wounded.
You hit the hellwing.
The hellwing decays.
The hellwing is heavily wounded.
You closely miss the hellwing.
The hellwing is heavily wounded.
You spin and attack the balrug repeatedly.
You puncture the balrug!
You kill the balrug!
The Council accepts your kill. The hellwing completely misses you.
You block the hellwing's attack.
Unknown command.
Unknown command.
You impale the hellwing!!
You kill the hellwing!
The Council accepts your kill.
No target in view!
What level of the Dungeon? (default 1, ? - help)
There is an open door here.
HP restored.
You see here a +0 war axe.
There is an open door here.
There is a stone staircase leading up here.
You climb upwards.
There is a stone staircase leading down here.
There is a stone staircase leading up, spattered with blood here.
You climb upwards.
There is a stone staircase leading down here.
You see here a +0 whip.
There is a stone staircase leading up here.
You climb upwards.
There is a stone staircase leading down here.
There is a stone staircase leading up here.
You climb upwards.
There is a stone staircase leading down here.
There is an open door here.
There is a large open door here.
There is a large open door here.
There is an open door here.
There is a stone staircase leading up here.
You climb upwards.
There is a stone staircase leading down here.
There is a stone staircase leading up here.
You climb upwards.
There is a stone staircase leading down here.
An Orb Guardian comes into view.
The Orb Guardian completely misses you.
The Orb Guardian is blinded by the light from your cloak!
You catch the helpless Orb Guardian completely off-guard!
You perforate the Orb Guardian like a sieve!!!!
You kill the Orb Guardian!
The Council accepts your kill.
What level of the Dungeon? (default 1, ? - help)
There is a stone staircase leading up here.
You climb upwards.
There is a stone staircase leading down here.
There is a stone staircase leading up here.
You climb upwards.
There is a stone staircase leading down here.
There is a stone staircase leading down here.
There is a staircase leading out of the dungeon here.
Unknown command.
You have escaped!

Skill      XL: |  1  2  3  4  5  6  7  8  9 10 11 12 13 14 15 16 17 18 19 20 21 22 23 24 25 26 27 |
---------------+----------------------------------------------------------------------------------+-----
Short Blades   | 3 4 5 6 9 10 22 | 22.6
Fighting       | 3 4 5 8 10 11 13 14 16 17 18 27 | 27.0
Dodging        | 4 6 9 10 13 15 16 17 18 20 27 | 27.0
Stealth        | 7 9 10 12 14 17 18 27 | 27.0
Shields        | 2 4 5 9 12 15 26 | 26.9
Armour         | 3 5 8 10 23 | 23.9
Evocations     | 6 9 11 12 21 | 21.0
Long Blades    | 8 11 13 18 | 18.0
Transmutations | 5 7 8 |  8.0
Shapeshifting  | 7 11 15 19 22 23 | 23.0
Translocations | 12 | 12.0
Spellcasting   | 10 | 10.0
Earth Magic    | 5 |  5.0
Air Magic      | 12 | 12.0
Necromancy     | 15 | 15.0
Throwing       | |  2.1

Action                     |  1- 3 |  4- 6 |  7- 9 | 10-12 | 13-15 | 16-18 | 19-21 | 22-24 | 25-27 || total
---------------------------+-------+-------+-------+-------+-------+-------+-------+-------+-------++-------
  Melee: Dagger            |    43 |       |       |       |       |       |       |       |       ||    43
         Short sword       |    41 |    98 |   433 |   977 |    51 |    64 |       |       |       ||  1664
         Punch             |       |     2 |    10 |     1 |       |       |       |       |       ||    13
         Rapier            |       |       |       |       |  1217 |   285 |  1868 |  2171 | 17453 || 22994
         Falchion          |       |       |       |       |    77 |  1053 |   214 |       |       ||  1344
         Scimitar          |       |       |       |       |       |    11 |     6 |       |       ||    17
         Demon blade       |       |       |       |       |       |       |       |   168 |   267 ||   435
  Throw: Dart              |       |     3 |     1 |     4 |     3 |       |     9 |       |    12 ||    32
         Throwing net      |       |       |       |     1 |       |       |       |     1 |    12 ||    14
   Cast: Wereblood         |       |       |       |       |       |     1 |       |     2 |     3 ||     6
         Apportation       |       |       |       |       |       |       |     2 |     1 |    19 ||    22
         Vhi's Electric Ch |       |       |       |       |       |       |       |       |   155 ||   155
         Manifold Assault  |       |       |       |       |       |       |       |       |   112 ||   112
         Animate Dead      |       |       |       |       |       |       |       |       |    26 ||    26
         Death Channel     |       |       |       |       |       |       |       |       |    18 ||    18
         Blink             |       |       |       |       |       |       |       |       |    10 ||    10
         Passwall          |       |       |       |       |       |       |       |       |     5 ||     5
 Invoke: Serpent's Lash    |       |       |       |     8 |    13 |    17 |    17 |    35 |    78 ||   168
         Heavenly Storm    |       |       |       |       |       |     1 |       |     2 |     1 ||     4
Ability: Lunge             |       |       |    22 |    82 |   160 |   158 |   189 |   195 |  1322 ||  2128
         Whirlwind         |       |       |    18 |    58 |   228 |   482 |   340 |   515 |  2598 ||  4239
         Evoke Blink       |       |       |       |       |       |     2 |     1 |     4 |    13 ||    20
         Wall Jump         |       |       |       |       |       |     1 |     2 |     3 |       ||     6
         Siphon Essence    |       |       |       |       |       |       |       |       |     1 ||     1
  Evoke: Wand              |       |       |       |    14 |     2 |       |     2 |     3 |    23 ||    44
         Lightning rod     |       |       |       |       |       |       |       |       |     8 ||     8
         Horn of Geryon    |       |       |       |       |       |       |       |       |     2 ||     2
    Use: Potion            |       |     1 |       |     2 |     1 |     3 |     1 |     1 |    17 ||    26
         Scroll            |       |       |     4 |    10 |     3 |     1 |     4 |     8 |    46 ||    76
   Stab: Sleeping          |     9 |    21 |    12 |    44 |   101 |    86 |    92 |   180 |   612 ||  1157
         Distracted        |       |     1 |       |     6 |    23 |    11 |    19 |    22 |   507 ||   589
         Invisible         |       |     5 |       |     3 |       |       |       |     5 |    76 ||    89
         Betrayed ally     |       |       |       |     1 |       |       |       |       |       ||     1
         Held in net/web   |       |       |       |     1 |       |       |       |     1 |    16 ||    18
         Petrified         |       |       |       |       |     1 |       |     1 |       |       ||     2
         Petrifying        |       |       |       |       |       |       |     2 |       |       ||     2
         Paralysed         |       |       |       |       |       |       |     1 |       |       ||     1
 Armour: Robe              |    19 |       |       |       |       |       |       |       |       ||    19
         Ring mail         |    10 |    23 |   131 |   148 |   141 |   131 |   136 |   154 |   509 ||  1383
         Leather armour    |       |       |       |    12 |     2 |     2 |       |       |       ||    16
         Quicksilver drago |       |       |       |       |       |       |       |       |   241 ||   241
  Dodge: Dodged            |    55 |    21 |   118 |   299 |   451 |   469 |   417 |   655 |  2958 ||  5443
  Block: Other             |       |       |    55 |    19 |       |       |       |       |       ||    74
         Reflection        |       |       |     8 |     7 |    24 |    54 |    97 |     2 |   104 ||   296
         Buckler           |       |       |       |   206 |   442 |   108 |       |       |       ||   756
         Kite shield       |       |       |       |       |       |   563 |   855 |   701 |  5589 ||  7708
   Form: Death             |       |       |       |       |       |       |       |       |     4 ||     4
                           |       |       |       |       |       |       |       |       |     3 ||     3

Levels and vault maps discovered:
D:1:      orjb1_lava_funnel, layout_rooms, chequers_serial_rivers_micro_e
D:2:      layout_basic, hellmonk_ecumenical_altar_pennies_from_heaven,
          roderic_roman_lattice, kennysheep_decorative_pillar
D:3:      layout_basic, ebering_ghost_inner_flame, minmay_increasing_density
D:4:      layout_loops_cross, lemuel_tele_altar, mainiacjoe_overflow_paths,
          serial_shops, shop, nicolae_custom_books, uniq_ijyb, uniq_pikel
D:5:      layout_basic, grunt_qazlal_sundering, grunt_gozag_statues,
          cheibrodos_worm_habitat, minmay_temple_entry_fiery
D:6:      layout_basic, kiku_gazebo_pond_becter, chequers_serial_rivers_micro_d,
          kennysheep_potato, uniq_edmund
D:7:      layout_rooms, lemuel_doored_altar, tso_altar,
          gammafunk_ghost_abyssal_escape, enter_bailey_2, minmay_microvault
D:8:      gammafunk_sealed_arena, layout_loops_ring,
          mainiacjoe_overflow_surrounded_room, serial_shops,
          kennysheep_little_box
D:9:      layout_basic, okawaru_gym_becter
D:10:     layout_irregular_city, nemelex_spade_bored_becter,
          mainiacjoe_overflow_alcove_1, nicolae_ru_path_of_blood,
          mainiacjoe_overflow_tiny_flanked, kb_rosetta
D:11:     layout_layer_cave, lair_entry_dummy, minmay_misc_feat_pillars,
          nicolae_dithmenos_shadow_blocks
D:12:     layout_rooms, david_orc_1_choice, serial_shops,
          nicolae_shop_statue_plus
D:13:     layout_roguey, david_vaults_1, portal_ice_cave_demonic_guard,
          nicolae_island_escapes, uniq_josephine
D:14:     layout_cave_pools, nicolae_cairo_tiling_large, minivault_5,
          nicolae_transporter_intersection, uniq_nessos
D:15:     grunt_enter_depths_magical_seal, layout_cave_pools,
          grunt_decor_junction, nicolae_trove_entry_free_sample, serial_shops,
          shop, dk_noncrumbling_4
Temple:   nicolae_temple_ecumenical_triangle
Lair:1:   layout_chaotic_city, beast_lair_carwin_10
Lair:2:   layout_regular_city, nicolae_shoals_entry_roost,
          minmay_shattered_shrine, uniq_gastronok, uniq_nergalle
Lair:3:   layout_chaotic_city, minmay_snake_entry_six_corridors, basic_altar,
          serial_bayou_shore_a, grunt_megastairs_2, uniq_sonja
Lair:4:   layout_regular_city
Lair:5:   minmay_lair_end_enchanted_forest, layout_gridlike,
          minmay_slime_entry_oklob_open, small_statue_intersection,
          chequers_serial_rivers_large_a, lemuel_old_faithful
Shoals:1: layout_shoals, uniq_roxanne
Shoals:2: layout_shoals, nicolae_shoals_undead_eyrie, uniq_polyphemus
Shoals:3: layout_shoals, st_shoals_ruin
Shoals:4: shoals_end_hellmonk_lost_city
Snake:1:  nicolae_snake_crotalidae_crossing, layout_misc_corridors,
          uniq_jorgrun, uniq_aizul, uniq_rupert
Snake:2:  layout_gridlike, minmay_shoptagon
Snake:3:  nicolae_sea_snake_s, layout_cave_town, st_stairs_4
Snake:4:  snake_pit, layout_gridlike, uniq_vashnia
Slime:1:  cheibrodos_slime_lost_civilization_2, layout_caves
Slime:2:  layout_caves
Slime:3:  layout_caves, nicolae_slime_round_cave, uniq_dissolution
Slime:4:  layout_caves
Slime:5:  slime_pit_nicolae_royal_road_to_ruin
Orc:1:    layout_diamond_mine, serial_shops, nicolae_shop_advertising_works
          [nicolae_subvault_shop_adworks]
Orc:2:    st_orc_rangers, layout_diamond_mine, rock_pile
Elf:1:    eino_elf_arrival_shootout, layout_geoelf_diagonals,
          minmay_elf_demonology, nicolae_shop_sticking_my_neck_out, uniq_frances
Elf:2:    elven_hall_of_blades_hangedman_original
          [nicolae_blade_entry_pointy_end], layout_onion_city,
          ebering_ghost_disaster_area
Elf:3:    minmay_elf_hall_furrowed, layout_geoelf_grid, serial_aquarium,
          aquarium_bridge_long_joined [aquarium_subvault_bridge,
          aquarium_subvault_wall, aquarium_subvault_window,
          aquarium_subvault_balcony, aquarium_subvault_window,
          aquarium_subvault_window], aquarium_window_fake,
          aquarium_window_corner, aquarium_view_2b, aquarium_balcony_5b,
          serial_shops, bzr_entry_gold, nicolae_elf_v_pinch,
          nicolae_fountain_basement
Vaults:1: nicolae_vaults_ellipses_ellipsis,
          nicolae_vaults_storing_the_good_stuff,
          nicolae_vaults_little_squares_3, vaults_mumra_minichess,
          nicolae_vaults_turnstiles, v_pattern_1, nicolae_vaults_trapezoid_4,
          vaults_dpeg_cross, nicolae_vaults_circle_grid_b,
          nicolae_vaults_border_crossing, ontoclasm_vaults_claustrophobia,
          hangedman_vaults_stream, vaults_dpeg_diagonal, vaults_dpeg_ring,
          layout_vaults_ring, serial_shops, shop, nicolae_shop_rolling_square
Vaults:2: nicolae_vaults_oval_intersection, ontoclasm_vaults_shuriken,
          minmay_crypt_entry_simple_statues, nicolae_vaults_disjoint_gnomons,
          nicolae_vaults_alarming, nicolae_vaults_stairing_the_circle,
          ontoclasm_vaults_tryst, hangedman_vaults_cutoff,
          nicolae_vaults_offset_grid_hallway_1,
          nicolae_vaults_trapezoid_lopsided_1, nicolae_vaults_little_squares_3,
          nicolae_vaults_house_3, vaults_dpeg_hooks, layout_vaults_omnibox,
          serial_shops, bzr_entry_water
Vaults:3: nicolae_vaults_offset_grid_hallway_3, nicolae_vaults_ninety_degrees,
          nicolae_vaults_antechamber_and_loot_room, v_misc_10,
          nicolae_vaults_six-pack, v_misc_27, nicolae_vaults_yaktaur_gun_rack,
          layout_vaults_omnicross, serial_shops, shop, uniq_mennas
Vaults:4: vaults_room_fours, v_misc_22, nicolae_vaults_mini_display_case,
          ontoclasm_vaults_ligature, v_misc_30,
          nicolae_vaults_trapezoid_lopsided_3, serial_ice_g,
          vaults_dpeg_encased_lava, nicolae_vaults_crenellated_ambush,
          nicolae_vaults_six-pack, layout_vaults_omnigrid, serial_shops,
          nicolae_shop_tiny_glass, shop_coins
Vaults:5: serial_shops
Crypt:1:  layout_rooms, basic_altar, mu_enter_wizlab_5, st_shrine_of_skulls,
          grunt_crypt_arrival_webbed
Crypt:2:  layout_regular_city, minivault_26, uniq_zenata, uniq_xtahua
Crypt:3:  evilmike_haunted_forest
Tomb:1
Tomb:2
Tomb:3
Depths:1: layout_gridville, rand_demon_pan_entry_8, hell_entry, drop_trap,
          minmay_misc_feat_tower, zin_treasury
Depths:2: minmay_the_grid_square_5x5_3x3 [minmay_the_grid_square_5x5_detours,
          minmay_the_grid_square_5x5_hourglass,
          minmay_the_grid_square_5x5_fancy_junction,
          minmay_the_grid_square_5x5_three_walls,
          minmay_the_grid_square_5x5_megaprize_hollow,
          minmay_the_grid_square_5x5_bite, minmay_the_grid_square_5x5_gyroscope,
          minmay_the_grid_square_5x5_broken_cross,
          minmay_the_grid_square_5x5_six_small], layout_cross, enter_ziggurat_f,
          minmay_misc_feat_ornament, serial_column_ruins,
          column_ruins_square_huge, column_ruins_corridor_straight,
          column_ruins_grid_1, column_ruins_open_tiny,
          column_ruins_columns_corner, column_ruins_grid_1,
          column_ruins_open_small, grunt_pan_entry_in_and_out, pf_coc_iceberg
Depths:3: minmay_strange_plus, layout_cave_pools, hell_entry, abyss_entry,
          nicolae_two_hexagons
Depths:4: hangedman_pleasuredromes, hell_entry, abyss_entry, serial_shops,
          uniq_josephina, uniq_parghit, uniq_boris
Hell
Dis:1:    layout_jigsaw, nicolae_dis_big_boring_drill
Dis:2:    layout_regular_city, nicolae_hells_seeping_fissure
Dis:3:    layout_subdivisions, minmay_strange_pillars
Dis:4:    layout_subdivisions
Dis:5:    layout_subdivisions
Dis:6:    layout_gridville
Dis:7:    iron_city_of_dis [dis_grunt, dis_wall_5], layout_gridville
Geh:1:    layout_gehenna_pools_box
Geh:2:    layout_gehenna_pools_box
Geh:3:    layout_gehenna_pools_basic
Geh:4:    layout_gehenna_pools_basic
Geh:5:    layout_gehenna_pools_triple
Geh:6:    layout_gehenna_lava_caves, special_room [special_room_morgue]
Geh:7:    geh_mu
Coc:1:    nicolae_hells_demon_pit, layout_ice_bergs
Coc:2:    layout_cocytus_delve
Coc:3:    nicolae_hells_titanomachy
Coc:4:    layout_cocytus_delve
Coc:5:    layout_cocytus_water_paths
Coc:6:    layout_ice_bergs
Coc:7:    coc_grunt_cove [coc_grunt_cove_antaeus, coc_grunt_cove_fiend,
          coc_grunt_cove_fiend, coc_grunt_cove_fiend, coc_grunt_cove_fiend]
Tar:1:    layout_grid_maze
Tar:2:    layout_cathedral_of_symmetry
Tar:3:    layout_grid_maze
Tar:4:    nicolae_tar_checkpoint_tarlie, layout_cathedral_of_symmetry
Tar:5:    layout_cathedral_of_symmetry
Tar:6:    layout_grid_maze
Tar:7:    tar_mu [tar_mu_maze]
Zot:1:    layout_misc_corridors, grunt_megastairs_4
Zot:2:    nicolae_moth_party, layout_gridville, grunt_megastairs_3
Zot:3:    hangedman_snap_crack_crunch, layout_cathedral_of_symmetry
Zot:4:    layout_concentric_octagons
Zot:5:    layout_basic, grunt_megastairs_5

Notes
Turn   | Place    | Note
-------+----------+-------------------------------------------
     0 | D:1      | scionoferis the Kobold Brigand began the quest for the Orb.
     0 | D:1      | Reached XP level 1. HP: 12/12 MP: 1/1
    66 | D:1      | Reached skill level 3 in Short Blades
   111 | D:1      | Reached XP level 2. HP: 15/18 MP: 2/2
   360 | D:1      | Reached XP level 3. HP: 20/22 MP: 3/3
   375 | D:1      | Reached skill level 4 in Short Blades
   750 | D:2      | Reached skill level 3 in Fighting
   824 | D:2      | Reached XP level 4. HP: 28/28 MP: 4/4
   856 | D:2      | Reached skill level 5 in Short Blades
   908 | D:2      | Found a faded altar of an unknown god.
  1564 | D:3      | Reached XP level 5. HP: 32/32 MP: 5/5
  1915 | D:3      | Found a runed translucent door.
  1915 | D:3      | Noticed relicbr's ghost (amateur KoFi)
  2076 | D:3      | You fall into a shaft and drop 1 floor!
  2076 | D:4      | Found Taugoati's Self-Published Books.
  2103 | D:4      | Found a burning altar of Makhleb.
  2130 | D:4      | Noticed Ijyb
  2138 | D:4      | Killed Ijyb
  2139 | D:4      | Reached skill level 6 in Short Blades
  2208 | D:4      | Reached skill level 4 in Fighting
  2208 | D:4      | Reached XP level 6. HP: 38/38 MP: 6/6
  2806 | D:4      | Found Dydij's Magic Scroll Boutique.
  2877 | D:4      | Bought a scroll of identify for 22 gold pieces
  2877 | D:4      | Bought a scroll of identify for 22 gold pieces
  3088 | D:4      | Noticed Pikel
  3097 | D:4      | Reached skill level 7 in Short Blades
  3117 | D:4      | Killed Pikel
  3118 | D:4      | Reached skill level 5 in Fighting
  3118 | D:4      | Reached skill level 9 in Short Blades
  3118 | D:4      | Reached XP level 7. HP: 24/44 MP: 7/7
  3273 | D:4      | Found a hide-covered altar of Uskayaw.
  3479 | D:4      | Reached XP level 8. HP: 38/50 MP: 8/8
  3569 | D:5      | Entered Level 5 of the Dungeon
  3818 | D:5      | Found a snail-covered altar of Cheibriados.
  4027 | D:5      | Reached skill level 6 in Fighting
  4156 | D:5      | Found an opulent altar of Gozag.
  4174 | D:5      | Reached skill level 10 in Short Blades
  4258 | D:5      | Reached skill level 7 in Fighting
  4300 | D:5      | Found a stormy altar of Qazlal.
  4546 | D:5      | Found a staircase to the Ecumenical Temple.
  4624 | Temple   | Entered the Ecumenical Temple
  4641 | Temple   | Became a worshipper of the Wu Jian Council
  4919 | D:6      | Reached skill level 8 in Fighting
  4933 | D:6      | Reached XP level 9. HP: 48/60 MP: 9/9
  5346 | D:6      | Reached skill level 9 in Fighting
  5531 | D:6      | Reached * piety under Wu Jian
  5579 | D:6      | Reached skill level 10 in Fighting
  5612 | D:6      | Reached skill level 2 in Dodging
  5705 | D:6      | Noticed Edmund
  5708 | D:6      | Killed Edmund
  5709 | D:6      | Reached skill level 6 in Stealth
  5709 | D:6      | Reached skill level 1 in Shields
  5917 | D:6      | Identified the +5 ring mail of Greater Demons {+Inv rElec
                  | Str+6 Stlth-}
  5958 | D:6      | Reached skill level 3 in Dodging
  6028 | D:6      | Found an ancient bone altar of Kikubaaqudgha.
  6100 | D:4      | Bought a scroll of summoning for 104 gold pieces
  6100 | D:4      | Bought a scroll of enchant armour for 82 gold pieces
  6100 | D:4      | Bought a scroll of vulnerability for 44 gold pieces
  6100 | D:4      | Bought a scroll of fog for 44 gold pieces
  6141 | D:7      | Found a flagged portal.
  6164 | Bailey   | Entered a bailey
  6207 | Bailey   | Reached skill level 2 in Shields
  6376 | Bailey   | Reached skill level 4 in Dodging
  6376 | Bailey   | Reached skill level 7 in Stealth
  6577 | Bailey   | Reached XP level 10. HP: 50/68 MP: 10/10
  6847 | Bailey   | Identified a +0 crystal plate armour
  6847 | Bailey   | Noticed an orc knight
  6847 | Bailey   | Noticed an orc knight
  6865 | Bailey   | Killed an orc knight
  6866 | Bailey   | Reached skill level 1 in Armour
  6866 | Bailey   | Reached skill level 5 in Dodging
  6866 | Bailey   | Reached skill level 8 in Stealth
  6866 | Bailey   | Reached skill level 3 in Shields
  6870 | Bailey   | Identified the +2 falchion of Autumn {freeze, +Blink rElec
                  | Dex+7 Stlth-}
  6943 | D:7      | Found a transporter.
  6984 | D:7      | Found a transporter.
  7144 | D:7      | Noticed a brown ugly thing
  7168 | D:7      | Reached ** piety under Wu Jian
  7183 | D:7      | Killed a brown ugly thing
  7184 | D:7      | Reached skill level 2 in Armour
  7386 | D:7      | Reached skill level 6 in Dodging
  7610 | D:7      | Found a glowing golden altar of the Shining One.
  7653 | D:7      | Found a shadowy altar of Dithmenos.
  8029 | D:8      | Reached skill level 9 in Stealth
  8048 | D:8      | Reached skill level 4 in Shields
  8216 | D:8      | Found Xowkaewn's Distillery.
  8221 | D:8      | Bought a potion of degeneration for 14 gold pieces
  8239 | D:8      | Noticed a purple ugly thing
  8239 | D:8      | Found the +2 Maxwell's thermic engine {flame, freeze, rev}
  8243 | D:8      | Noticed a purple ugly thing
  8251 | D:8      | Found a transporter.
  8627 | D:8      | Reached skill level 3 in Armour
  8803 | D:8      | Identified the ring of the Platytaur {rC- rN+ Str+6 Dex+8
                  | Slay+5 Stlth+}
  8899 | D:8      | Noticed a centaur warrior
  8908 | D:8      | Noticed a cyclops
  8919 | D:8      | Found a transporter.
  8972 | D:8      | Found a broken altar of Ashenzari.
  9233 | D:3      | Killed relicbr's ghost
  9234 | D:3      | Reached XP level 11. HP: 72/72 MP: 11/11
  9375 | D:9      | Reached skill level 7 in Dodging
  9575 | D:9      | Reached *** piety under Wu Jian
  9576 | D:9      | Reached skill level 10 in Stealth
  9576 | D:9      | Reached skill level 1 in Evocations
  9714 | D:9      | Reached skill level 2 in Evocations
  9873 | D:9      | Reached skill level 4 in Armour
  9873 | D:9      | Reached skill level 5 in Shields
  9991 | D:9      | Reached skill level 3 in Evocations
 10179 | D:9      | Reached skill level 8 in Dodging
 10249 | D:9      | Found an iron altar of Okawaru.
 10693 | D:10     | Entered Level 10 of the Dungeon
 10758 | D:10     | Reached skill level 4 in Evocations
 10991 | D:10     | Noticed a manticore
 10993 | D:10     | Killed a manticore
 11030 | D:10     | Noticed a catoblepas
 11032 | D:10     | Killed a catoblepas
 11085 | D:10     | Found a shimmering blue altar of Sif Muna.
 11150 | D:10     | Reached skill level 5 in Armour
 11264 | D:10     | Paralysed by a hornet for 3 turns
 11271 | D:10     | Reached skill level 5 in Evocations
 11437 | D:10     | Reached skill level 9 in Dodging
 11470 | D:10     | Noticed a manticore
 11473 | D:10     | Killed a manticore
 11566 | D:10     | Found a sparkling altar of Nemelex Xobeh.
 11843 | D:10     | Found a glowing silver altar of Zin.
 11930 | D:10     | Found a sacrificial altar of Ru.
 12008 | D:11     | Found a shadowy altar of Dithmenos.
 12141 | D:11     | Noticed a cyclops
 12149 | D:11     | Killed a cyclops
 12150 | D:11     | Reached skill level 6 in Evocations
 12150 | D:11     | Reached XP level 12. HP: 77/77 MP: 12/12
 12329 | D:11     | Reached skill level 10 in Dodging
 12366 | D:11     | Reached skill level 1 in Long Blades
 12391 | D:11     | Found a staircase to the Lair.
 13337 | D:12     | Found Xatah's Armour Shop.
 13366 | D:12     | Reached skill level 2 in Long Blades
 13372 | D:12     | Reached skill level 3 in Long Blades
 13476 | D:12     | Reached skill level 4 in Long Blades
 13611 | D:12     | Reached skill level 5 in Long Blades
 13730 | D:12     | Found a staircase to the Orcish Mines.
 13763 | D:12     | Reached **** piety under Wu Jian
 13789 | D:12     | Reached skill level 6 in Long Blades
 14059 | D:8      | Bought a potion of mutation for 112 gold pieces
 14059 | D:8      | Bought a potion of enlightenment for 70 gold pieces
 14059 | D:8      | Bought a potion of attraction for 42 gold pieces
 14059 | D:8      | Bought a potion of cancellation for 112 gold pieces
 14059 | D:8      | Bought a potion of brilliance for 56 gold pieces
 14134 | D:8      | Killed a centaur warrior
 14146 | D:8      | Reached skill level 7 in Long Blades
 14398 | D:8      | Identified the ring of Utuish {Ice +Blink rElec}
 14906 | D:7      | Noticed bakla's ghost (novice MeHu)
 14906 | D:7      | Found a one-way gate to the infinite horrors of the Abyss.
 15007 | D:7      | Killed bakla's ghost
 15341 | Lair:1   | Entered Level 1 of the Lair of Beasts
 15420 | Lair:1   | Reached skill level 8 in Long Blades
 15420 | Lair:1   | Reached XP level 13. HP: 66/82 MP: 13/13
 15827 | Lair:1   | Reached skill level 9 in Long Blades
 16185 | Lair:1   | Reached skill level 10 in Long Blades
 16820 | Lair:2   | Noticed Nergalle
 16832 | Lair:2   | Killed Nergalle
 16923 | Lair:1   | Reached skill level 11 in Long Blades
 17019 | Lair:2   | Noticed Gastronok
 17119 | Lair:2   | Found a staircase to the Shoals.
 17142 | Lair:2   | Killed Gastronok
 17210 | Lair:2   | Upgraded the game from 0.31-a0-865-g3d5d91748a to
                  | 0.31-a0-868-g674d60d6f7
 17345 | Lair:2   | Got an odd book
 17495 | Lair:2   | Reached XP level 14. HP: 77/88 MP: 14/14
 17679 | Lair:2   | Reached skill level 12 in Long Blades
 18303 | Lair:3   | Found a radiant altar of Vehumet.
 18386 | Lair:3   | Found a staircase to the Snake Pit.
 18405 | Lair:3   | Reached skill level 11 in Dodging
 18503 | Lair:3   | Noticed Sonja
 18505 | Lair:3   | Killed Sonja
 18669 | Lair:3   | Reached skill level 13 in Long Blades
 19033 | Lair:3   | Reached skill level 12 in Dodging
 19035 | Lair:3   | Reached ***** piety under Wu Jian
 20554 | Lair:5   | Entered Level 5 of the Lair of Beasts
 20671 | Lair:5   | Reached skill level 13 in Dodging
 20696 | Lair:5   | Reached XP level 15. HP: 89/92 MP: 15/15
 20959 | Lair:5   | Reached skill level 7 in Evocations
 20977 | Lair:5   | Identified the ring "Nowal" {rPois MP+9 Dex+2 SInv}
 21160 | Lair:5   | Reached skill level 14 in Dodging
 21279 | Lair:5   | Found a staircase to the Slime Pits.
 21475 | Lair:5   | Reached skill level 8 in Evocations
 21708 | Lair:5   | Learned a level 2 spell: Wereblood
 21930 | Lair:5   | Reached skill level 1 in Transmutations
 22083 | Lair:5   | Reached skill level 15 in Dodging
 22121 | Lair:5   | Reached skill level 2 in Transmutations
 22491 | Lair:5   | Reached ****** piety under Wu Jian
 22769 | Orc:1    | Entered Level 1 of the Orcish Mines
 22822 | Orc:2    | Entered Level 2 of the Orcish Mines
 22848 | Orc:1    | Reached skill level 3 in Transmutations
 22848 | Orc:1    | Reached skill level 9 in Evocations
 23273 | Orc:1    | You fall into a shaft and drop 1 floor!
 23308 | Orc:2    | Reached skill level 4 in Transmutations
 23566 | Orc:2    | Found a staircase to the Elven Halls.
 23984 | Orc:1    | Found Roicej's Weapon Shoppe.
 23995 | Orc:1    | Bought a throwing net for 39 gold pieces
 24394 | Orc:2    | Found Osuat's Magic Scroll Boutique.
 24394 | Orc:2    | Found Loria's General Store.
 24394 | Orc:2    | Found Qolit's Weapon Emporium.
 24395 | Orc:2    | Found Inojaubbol's Weapon Shop.
 24483 | Orc:2    | Bought a scroll of silence for 104 gold pieces
 24578 | D:13     | Noticed Josephine
 24582 | D:13     | Killed Josephine
 24585 | D:13     | Reached skill level 5 in Transmutations
 24669 | D:13     | Found a frozen archway.
 24694 | IceCv    | Entered an ice cave
 24899 | IceCv    | Reached XP level 16. HP: 91/97 MP: 16/16
 25124 | IceCv    | Reached skill level 6 in Armour
 25249 | IceCv    | Identified the ring of Wuriant {Fly Dex+6}
 25254 | IceCv    | Identified the staff "Iguepserru" {+Blink rF+ Str+4 Fire}
 25300 | D:13     | Identified a potion of resistance
 25331 | D:13     | Reached skill level 6 in Shields
 26108 | D:13     | Found Acenty's Island Escapes.
 26132 | D:13     | Bought a potion of invisibility for 112 gold pieces
 26341 | D:13     | Found a gate to the Vaults.
 26462 | D:14     | Noticed Nessos
 26473 | D:14     | Found a transporter.
 26494 | D:14     | Killed Nessos
 26571 | D:14     | Reached skill level 7 in Armour
 26834 | D:14     | Reached skill level 7 in Shields
 27324 | D:14     | Found a transporter.
 27344 | D:14     | Found a transporter.
 27578 | D:14     | Found a transporter.
 27636 | D:15     | Entered Level 15 of the Dungeon
 27751 | D:14     | Identified a +1 kite shield of resistance
 27827 | D:14     | Reached skill level 8 in Armour
 27827 | D:14     | Reached skill level 8 in Shields
 28425 | D:15     | Found Irphaevve's Distillery.
 28494 | D:15     | Reached skill level 9 in Shields
 28504 | D:15     | Reached XP level 17. HP: 78/102 MP: 17/17
 28642 | D:15     | Found a portal to a secret trove of treasure.
 28648 | D:15     | Got a quavering book
 29145 | D:15     | Found a staircase to the Depths.
 29443 | Snake:1  | Entered Level 1 of the Snake Pit
 29445 | Snake:1  | Noticed Aizul
 29461 | Snake:1  | Killed Aizul
 29465 | Snake:1  | Identified the +6 rapier of the Hurting Gods {heavy, rF+
                  | Int+3}
 29499 | Snake:1  | Identified a +2 kite shield of resistance
 29525 | Snake:1  | Reached skill level 9 in Armour
 29598 | Snake:1  | Identified the ring of Seroetau {rElec Will+ rCorr AC+4}
 29629 | Snake:1  | Reached skill level 10 in Shields
 29669 | Snake:1  | Noticed Jorgrun
 29671 | Snake:1  | Killed Jorgrun
 29698 | Snake:1  | Noticed Rupert
 29699 | Snake:1  | Killed Rupert
 30493 | Snake:2  | Found Kodich's Antique Armour Emporium.
 30496 | Snake:2  | Found Yfeot's Distillery.
 30496 | Snake:2  | Found Erghin's Armour Emporium.
 30499 | Snake:2  | Found Raepiwnotua's Antique Weapon Shoppe.
 30509 | Snake:2  | Bought a translucent falchion for 192 gold pieces
 30509 | Snake:2  | Identified the +6 falchion "Undertaker" {freeze, Fragile
                  | rCorr Str+2} (You bought it in a shop on level 2 of the
                  | Snake Pit)
 30521 | Snake:2  | Bought the +0 pair of gloves of Articulation {Will+} for
                  | 342 gold pieces
 30858 | Snake:2  | Reached skill level 11 in Shields
 31398 | Snake:2  | Reached skill level 10 in Armour
 31851 | Snake:3  | Reached skill level 12 in Shields
 31878 | Snake:3  | Reached XP level 18. HP: 107/107 MP: 18/18
 32439 | Snake:3  | Reached skill level 13 in Shields
 32996 | Snake:4  | Entered Level 4 of the Snake Pit
 33052 | Snake:4  | Noticed Vashnia
 33054 | Snake:4  | Killed Vashnia
 33311 | Snake:4  | Reached skill level 14 in Shields
 33994 | Snake:4  | Reached skill level 15 in Shields
 34012 | Snake:4  | Reached XP level 19. HP: 67/112 MP: 19/19
 34171 | Snake:4  | Got a serpentine rune of Zot
 34922 | Shoals:1 | Entered Level 1 of the Shoals
 34987 | Shoals:1 | Reached skill level 11 in Stealth
 35012 | Shoals:1 | Reached skill level 6 in Transmutations
 35086 | Shoals:1 | Noticed Roxanne
 35478 | Shoals:1 | Reached skill level 10 in Evocations
 36096 | Shoals:1 | Killed Roxanne
 36458 | Shoals:2 | Reached skill level 11 in Fighting
 36788 | Shoals:2 | HP: 11/114 [poisoned by a merfolk impaler]
 36789 | Shoals:2 | HP: 3/114 [water nymph/the raging water (19)]
 37414 | Shoals:2 | Noticed Polyphemus
 37445 | Shoals:2 | Reached skill level 12 in Stealth
 37457 | Shoals:2 | Reached skill level 7 in Transmutations
 37471 | Shoals:2 | Killed Polyphemus
 37933 | Shoals:2 | Identified the +2 ring mail of Fedhas's Vengeance {SInv}
 38007 | Shoals:3 | Reached skill level 16 in Dodging
 38344 | Shoals:3 | Reached skill level 11 in Evocations
 38344 | Shoals:3 | Reached XP level 20. HP: 120/120 MP: 20/20
 39697 | Shoals:4 | Entered Level 4 of the Shoals
 40239 | Shoals:4 | Reached skill level 13 in Stealth
 40261 | Shoals:4 | Got a barnacled rune of Zot
 40377 | Shoals:4 | Reached skill level 8 in Transmutations
 40455 | Shoals:4 | Reached skill level 12 in Fighting
 40872 | Shoals:4 | Learned a level 1 spell: Apportation
 41668 | Elf:1    | Entered Level 1 of the Elven Halls
 41673 | Elf:1    | Noticed Frances
 41764 | Orc:2    | Killed Frances
 42094 | Elf:1    | Reached skill level 12 in Evocations
 42378 | Elf:1    | Reached skill level 14 in Stealth
 42530 | Elf:1    | Found Jouzxesi's Neck Hole.
 42576 | Elf:1    | Got a tattered book
 42641 | Elf:1    | Reached skill level 17 in Dodging
 43114 | Elf:2    | Found a large runed translucent door.
 43114 | Elf:2    | Found a large runed translucent door.
 43218 | Elf:2    | Reached skill level 13 in Fighting
 43360 | Elf:2    | Reached XP level 21. HP: 129/129 MP: 21/21
 43571 | Elf:2    | Reached skill level 15 in Stealth
 43577 | Elf:2    | Found a runed translucent gate.
 43577 | Elf:2    | Found a runed translucent gate.
 43578 | Elf:2    | Found a runed translucent gate.
 43632 | Elf:2    | Paralysed by an air elemental for 1 turns
 43943 | Elf:2    | Noticed Onnujuk's ghost (veteran MiBe)
 43944 | Elf:2    | Identified the +11 arbalest of the Puffin {freeze, rPois
                  | Will+ Int+3}
 43944 | Elf:2    | Killed Onnujuk's ghost
 44691 | Elf:2    | Reached skill level 18 in Dodging
 44856 | Elf:3    | Entered Level 3 of the Elven Halls
 44881 | Elf:3    | Found a flickering gateway to a bazaar.
 44902 | Bazaar   | Entered a bazaar
 44929 | Bazaar   | Found Osolu's Magic Scroll Shoppe.
 44945 | Bazaar   | Found Tickof's Book Emporium.
 44945 | Bazaar   | Found Dofecej's Assorted Antiques.
 44967 | Bazaar   | Found Daemnowe's Magic Scroll Shoppe.
 45009 | Bazaar   | Bought a scroll of blinking for 180 gold pieces
 45023 | Bazaar   | Bought a scroll of enchant armour for 52 gold pieces
 45023 | Bazaar   | Bought a scroll of blinking for 52 gold pieces
 45027 | Bazaar   | Bought a scroll of teleportation for 21 gold pieces
 45027 | Bazaar   | Bought a scroll of revelation for 52 gold pieces
 45027 | Bazaar   | Bought a scroll of teleportation for 21 gold pieces
 45041 | Bazaar   | Bought a wand of light (4) for 403 gold pieces
 45041 | Bazaar   | Bought a wand of light (4) for 403 gold pieces
 45061 | Bazaar   | Bought a scroll of brand weapon for 152 gold pieces
 45075 | Bazaar   | Bought a potion of heal wounds for 120 gold pieces
 45089 | Bazaar   | Bought a scroll of amnesia for 28 gold pieces
 45170 | Elf:3    | Reached skill level 16 in Stealth
 45245 | Elf:3    | Reached skill level 14 in Fighting
 46795 | D:8      | Bought a potion of curing for 42 gold pieces
 46795 | D:8      | Bought a potion of curing for 42 gold pieces
 47050 | Snake:2  | Bought a potion of curing for 45 gold pieces
 47050 | Snake:2  | Bought a potion of curing for 45 gold pieces
 47050 | Snake:2  | Bought a potion of curing for 45 gold pieces
 47273 | D:15     | Bought 2 potions of curing for 84 gold pieces
 47273 | D:15     | Bought a potion of curing for 42 gold pieces
 47342 | D:15     | You paid a toll of 18 potions of curing to enter a treasure
                  | trove
 47343 | Trove    | Entered a treasure trove
 47376 | Trove    | Found the ring of Shadows {Umbra +Inv Stlth+}
 47377 | Trove    | Identified the ring of Mistrust {rElec AC+4 Int+2}
 47381 | Trove    | Identified the ring "Itapydgh" {rN+ MP+9}
 47922 | Elf:3    | Identified the +3 morningstar "Ajinnono" {freeze, rCorr
                  | Stlth+}
 48058 | Elf:3    | Identified the +0 chain mail of Ennui {rF+}
 48074 | Elf:3    | Identified the staff of Forgiveness {rPois rC+ rN+ Dex+4
                  | Necro}
 48234 | Elf:3    | Identified the +11 short sword of Koesawox {venom, rN+}
 48245 | Elf:3    | Identified the +6 hand axe "Grim Tooth" {elec, SInv}
 48362 | Elf:3    | Reached skill level 17 in Stealth
 48493 | Elf:3    | Identified the +5 dagger of the Last Defenders {protect,
                  | rElec rPois rCorr Str+3 Stlth+}
 48493 | Elf:3    | Identified the ring of Ciehoxo {rCorr Slay+3}
 48517 | Elf:3    | Identified the amulet "Genoiph" {RegenMP Will+ Int+4}
 48636 | Elf:3    | Identified the +8 dagger "Ziuq" {heavy, rPois rF+ rC-
                  | Dex+8}
 48636 | Elf:3    | Identified the +8 plate armour "Fiso" {Rampage Str-4
                  | Stlth+}
 49103 | Elf:3    | Reached XP level 22. HP: 139/139 MP: 22/22
 49135 | Elf:3    | Reached skill level 15 in Fighting
 49139 | Elf:3    | Reached skill level 19 in Dodging
 49311 | Elf:3    | Identified the ring "Inloas" {Str+2 Dex+2 SInv}
 49338 | Elf:3    | Got an innocuous book
 49949 | Vaults:1 | Entered Level 1 of the Vaults
 50015 | Vaults:1 | Paralysed by a formless jellyfish for 1 turns
 50029 | Vaults:1 | Reached skill level 1 in Shapeshifting
 50312 | Vaults:1 | Reached skill level 2 in Shapeshifting
 50372 | Vaults:1 | Reached skill level 3 in Shapeshifting
 50376 | Vaults:1 | Reached skill level 18 in Stealth
 50527 | Vaults:1 | Identified the +0 leather armour "Niudes" {rPois Str-2
                  | Dex+5}
 50527 | Vaults:1 | Identified the amulet of Elyvilon's Displeasure {Reflect
                  | Slay+2 SH+5}
 50541 | Vaults:1 | Reached skill level 4 in Shapeshifting
 50815 | Vaults:1 | Reached skill level 5 in Shapeshifting
 51026 | Vaults:1 | Found Nosargh's Distillery.
 51314 | Vaults:1 | Identified the +1 ring mail "Gire" {Stlth+}
 51315 | Vaults:1 | Identified the +1 cloak of the Garden {Int+2 Dex+4}
 51567 | Vaults:1 | Reached skill level 6 in Shapeshifting
 51811 | Vaults:1 | Reached skill level 16 in Fighting
 52097 | Vaults:1 | Found Kawkoy's Jewellery Shop.
 52727 | Vaults:2 | Reached skill level 7 in Shapeshifting
 52740 | Vaults:2 | Reached skill level 20 in Dodging
 52750 | Vaults:2 | Reached XP level 23. HP: 123/147 MP: 23/23
 53065 | Vaults:2 | Found a staircase to the Crypt.
 53124 | Vaults:2 | Reached skill level 8 in Shapeshifting
 53860 | Vaults:2 | Found a gateway to a bazaar.
 53888 | Vaults:2 | Reached skill level 9 in Shapeshifting
 54996 | Vaults:3 | Reached skill level 17 in Fighting
 55072 | Vaults:3 | Reached skill level 10 in Shapeshifting
 55566 | Vaults:3 | Learned a level 2 spell: Passwall
 55574 | Vaults:3 | Found Wuhaez's Antique Armour Emporium.
 55726 | Vaults:3 | Reached skill level 11 in Shapeshifting
 55746 | Vaults:3 | Noticed Mennas
 55748 | Vaults:3 | Killed Mennas
 56209 | Vaults:4 | Found Useeclosch's Armour Boutique.
 56406 | Vaults:4 | Reached XP level 24. HP: 144/157 MP: 23/23
 56622 | Vaults:4 | Found Qub Zode's Distillery.
 57874 | Vaults:4 | Noticed a dread lich
 57902 | Vaults:4 | Reached skill level 12 in Shapeshifting
 57905 | Vaults:4 | Killed a dread lich
 58065 | Vaults:4 | Reached skill level 18 in Fighting
 58229 | Crypt:1  | Entered Level 1 of the Crypt
 58238 | Crypt:1  | Noticed a curse skull
 58240 | Crypt:1  | Killed a curse skull
 58352 | Crypt:1  | Reached skill level 13 in Shapeshifting
 58424 | Crypt:1  | Found a magical portal.
 58548 | WizLab   | Entered Tukima's Studio
 58764 | WizLab   | Found the +1 cloak of Starlight {*Dazzle EV+4 Stlth--}
 58764 | WizLab   | Reached skill level 14 in Shapeshifting
 58840 | WizLab   | Identified the +2 hat of Farfalle {SInv}
 59093 | Crypt:1  | Noticed a curse skull
 59105 | Crypt:1  | Killed a curse skull
 59120 | Crypt:1  | Identified the +3 broad axe of the Eggplant {elec, Will+}
 59180 | Crypt:1  | Noticed a curse skull
 59187 | Crypt:1  | Killed a curse skull
 59505 | Crypt:1  | Found an ancient bone altar of Kikubaaqudgha.
 59917 | Crypt:2  | Noticed Xtahua
 59950 | Crypt:2  | Killed Xtahua
 60038 | Crypt:2  | Noticed Zenata
 60041 | Crypt:2  | Killed Zenata
 60159 | Crypt:2  | Reached skill level 15 in Shapeshifting
 61184 | Crypt:3  | Entered Level 3 of the Crypt
 61438 | Crypt:3  | Noticed a curse skull
 61439 | Crypt:3  | Killed a curse skull
 61460 | Crypt:3  | Noticed a curse skull
 61461 | Crypt:3  | Killed a curse skull
 61919 | Crypt:3  | Reached XP level 25. HP: 163/163 MP: 23/23
 62230 | Crypt:3  | Reached skill level 16 in Shapeshifting
 62299 | Crypt:3  | Found a staircase to the Tomb.
 62860 | Crypt:3  | Found a basalt altar of Yredelemnul.
 63216 | Crypt:3  | Identified the +1 scale mail of True Grit {rElec Int-4
                  | Dex+4}
 63228 | Crypt:3  | Identified the +6 lajatang of Superiority {drain, rF- Will+
                  | Str+5}
 63235 | Crypt:3  | Identified the +8 rapier "Derizom" {freeze, rElec rC- rCorr
                  | Int+8}
 63292 | Crypt:3  | Reached skill level 17 in Shapeshifting
 63588 | Crypt:3  | Found the +7 great mace "Undeadhunter" {deathbane, rN+}
 63980 | Depths:1 | Entered Level 1 of the Depths
 64018 | D:15     | Identified a scroll of acquirement
 64040 | Depths:1 | Found a gateway to Hell.
 64289 | Depths:1 | Found a one-way gate leading to the halls of Pandemonium.
 64544 | Depths:1 | Reached skill level 18 in Shapeshifting
 64824 | Depths:1 | Found a glowing silver altar of Zin.
 65987 | Depths:2 | Identified the +0 scale mail of Ru's Pride {Slay+2}
 66082 | Depths:2 | Identified the +1 cloak "Bies" {Rampage rN+}
 66177 | Depths:2 | Found a one-way gateway to a ziggurat.
 66190 | Depths:2 | Reached skill level 19 in Shapeshifting
 66389 | Depths:3 | Reached XP level 26. HP: 168/168 MP: 23/23
 66535 | Depths:3 | Noticed a juggernaut
 67039 | Depths:3 | Killed a juggernaut
 67207 | Depths:3 | Identified the +11 morningstar "Goefe" {flame, *Noise
                  | +Blink rElec rF-}
 67209 | Depths:3 | Identified the +0 scale mail of Compassion {rPois}
 67216 | Depths:3 | Identified the amulet "Atotoh Dal" {Acrobat Int+3}
 67559 | Depths:4 | Entered Level 4 of the Depths
 67671 | Depths:4 | Reached skill level 20 in Shapeshifting
 67673 | Depths:4 | Noticed Parghit
 67850 | Depths:3 | Killed Parghit
 68463 | Depths:4 | Found a gate to the Realm of Zot.
 68482 | Depths:4 | Noticed a caustic shrike
 68514 | Depths:4 | Noticed Boris
 68743 | Depths:4 | Noticed a juggernaut
 68749 | Depths:4 | Noticed a caustic shrike
 68770 | Depths:4 | Identified the +4 scale mail of Hopsacaw {Rampage rN++
                  | Int-4 Stlth+}
 69360 | Depths:4 | Reached skill level 21 in Shapeshifting
 69365 | Depths:4 | Noticed an ancient lich
 69367 | Depths:4 | Killed an ancient lich
 69499 | Depths:4 | Got a quavering book
 69510 | Depths:4 | Identified the +1 sling of Micwyweu {freeze, Fly rElec rC++
                  | Dex-4}
 69756 | Depths:4 | Identified the +4 plate armour of the Game of Life {rN+++
                  | Str+6 Dex-2}
 69806 | Depths:4 | Identified the staff of Yesterday {rN+ Str+4 Necro}
 69865 | Depths:4 | Killed a caustic shrike
 69884 | Depths:4 | Killed a caustic shrike
 69888 | Depths:4 | Killed a juggernaut
 69949 | Depths:4 | Killed Boris
 70224 | Depths:4 | Reached skill level 22 in Shapeshifting
 70224 | Depths:4 | Reached XP level 27. HP: 167/173 MP: 23/23
 70531 | Bazaar   | Entered a bazaar
 70531 | Bazaar   | Found Ciuqes's Antique Armour Boutique.
 70531 | Bazaar   | Found Akuem's Weapon Shop.
 70531 | Bazaar   | Found Etamp's Armour Shop.
 70558 | Vaults:2 | Acquired a manual of Shields
 71589 | Vaults:5 | Entered Level 5 of the Vaults
 71622 | Vaults:5 | Noticed a dread lich
 71631 | Vaults:5 | Killed a dread lich
 71739 | Vaults:5 | Identified the ring of Eternal Night {MP+9 Str+3}
 71745 | Vaults:5 | Reached skill level 23 in Shapeshifting
 71794 | Vaults:5 | Reached skill level 1 in Translocations
 71828 | Vaults:5 | Reached skill level 2 in Translocations
 71836 | Vaults:5 | Reached skill level 3 in Translocations
 71851 | Vaults:5 | Found the +27 heavy crossbow "Sniper" {heavy, Acc+∞ SInv}
 71884 | Vaults:5 | Identified the +4 quarterstaff of Yeast {freeze, *Slow
                  | rElec rN+++ Will+}
 72065 | Vaults:5 | Reached skill level 4 in Translocations
 72173 | Vaults:5 | Reached skill level 5 in Translocations
 73296 | Vaults:5 | Reached skill level 6 in Translocations
 73471 | Vaults:5 | Reached skill level 11 in Short Blades
 73668 | Vaults:5 | Identified the +2 leather armour of the Fisher {Str+4
                  | Dex+2}
 73716 | Vaults:5 | Got a conspicuous book
 73951 | Vaults:5 | Identified the +9 rapier of the Nexus {vamp, rElec rPois
                  | rF+}
 73963 | Vaults:5 | Identified the ring of the Ancients {rF+ Int+6}
 74084 | Vaults:5 | Noticed a dread lich
 74084 | Vaults:5 | Identified the +10 falchion of Generosity {heavy, Will++
                  | SInv}
 74107 | Vaults:5 | Killed a dread lich
 74304 | Vaults:5 | Identified the +5 mace of Chaos {elec, rN+}
 74305 | Vaults:5 | Identified the +5 war axe of Resumed Hostilities {flame,
                  | rF+ rC- Int+2}
 74311 | Vaults:5 | Identified the staff "Ludolah" {rElec Conj Ice}
 74333 | Vaults:5 | Got a silver rune of Zot
 74339 | Vaults:5 | Got an exquisite book
 74344 | Vaults:5 | Got an odd book
 74345 | Vaults:5 | Identified the +6 spear of the Egg {venom, Int+5 SInv}
 74350 | Vaults:5 | Identified the +3 ring mail of Tomorrow {-Tele rElec
                  | Regen+}
 74351 | Vaults:5 | Identified the +3 spear "Jiebb" {freeze, rElec Will+ Str+3
                  | Int-2}
 74354 | Vaults:5 | Identified the +0 robe of Servitude {Int+2}
 74357 | Vaults:5 | Got a faded book
 74363 | Vaults:5 | Learned a level 4 spell: Passage of Golubria
 74368 | Vaults:5 | Learned a level 4 spell: Vhi's Electric Charge
 74998 | D:4      | Bought the Omnibus of the Greater Akashic Record for 946
                  | gold pieces
 75002 | D:4      | Learned a level 2 spell: Blink
 75005 | D:4      | Learned a level 2 spell: Lesser Beckoning
 75294 | Slime:1  | Entered Level 1 of the Pits of Slime
 75366 | Lair:5   | Reached skill level 12 in Short Blades
 75406 | Slime:1  | Reached skill level 1 in Spellcasting
 75418 | Slime:1  | Reached skill level 1 in Earth Magic
 75444 | Slime:1  | Upgraded the game from 0.31-a0-868-g674d60d6f7 to
                  | 0.31-a0-875-g02e7d12df6
 77087 | Slime:2  | Reached skill level 7 in Translocations
 77097 | Slime:2  | Reached skill level 2 in Earth Magic
 77098 | Slime:2  | Reached skill level 2 in Spellcasting
 77673 | Slime:3  | Noticed Dissolution
 78129 | Slime:3  | You are sucked into a shaft and drop 1 floor!
 78186 | Slime:3  | Paralysed by a floating eye for 2 turns
 78217 | Slime:2  | Killed Dissolution
 78218 | Slime:2  | Reached skill level 3 in Earth Magic
 78428 | Slime:3  | Reached skill level 16 in Shields
 78563 | Slime:3  | Reached skill level 3 in Spellcasting
 78842 | Slime:4  | Reached skill level 8 in Translocations
 80405 | Slime:5  | Entered Level 5 of the Pits of Slime
 80935 | Slime:5  | Reached skill level 4 in Earth Magic
 80984 | Slime:5  | Reached skill level 4 in Spellcasting
 81062 | Slime:5  | Reached skill level 9 in Translocations
 81307 | Slime:5  | Noticed the Royal Jelly
 81318 | Slime:5  | Killed the Royal Jelly
 81319 | Slime:5  | Reached skill level 5 in Spellcasting
 81319 | Slime:5  | Reached skill level 1 in Air Magic
 81319 | Slime:5  | Reached skill level 5 in Earth Magic
 81715 | Slime:5  | Reached skill level 10 in Translocations
 81972 | Slime:5  | Found the +4 skin of Zhor {*Englaciate rC+++ SInv}
 81991 | Slime:5  | Identified the +8 shortbow "Guadd" {flame, Will- Int+5
                  | Stlth+}
 82017 | Slime:5  | Identified the +3 plate armour of Gupram {rC+ Stlth+}
 82027 | Slime:5  | Got a whispering book
 82037 | Slime:5  | Got an antique book
 82051 | Slime:5  | Got a slimy rune of Zot
 82055 | Slime:5  | Identified the +10 plate armour of Quij {-Cast rPois rC+
                  | rCorr}
 82059 | Slime:5  | Identified the +11 hand axe of Izxadar {protect, rElec rC+
                  | Int+4}
 82069 | Slime:5  | Identified the ring "Mothy" {rPois SInv}
 82102 | Slime:5  | Identified the +4 orcbow "Beastbane" {heavy, Fragile rC++
                  | Dex+2}
 82734 | D:15     | Acquired a +2 quick blade of holy wrath
 82832 | Zot:1    | Entered Level 1 of the Realm of Zot
 82833 | Zot:1    | Noticed an electric golem
 82849 | Zot:1    | Killed an electric golem
 82850 | Zot:1    | Reached skill level 2 in Air Magic
 83169 | Zot:1    | Noticed an electric golem
 83194 | Zot:1    | Killed an electric golem
 83223 | Zot:1    | Reached skill level 3 in Air Magic
 83363 | Zot:1    | Reached skill level 6 in Spellcasting
 83379 | Zot:1    | Reached skill level 11 in Translocations
 83490 | Zot:1    | Identified the +1 ring mail of Greed {Drain Regen+ Dex+2}
 83714 | Zot:2    | Noticed an electric golem
 83787 | Zot:1    | Killed an electric golem
 83788 | Zot:1    | Reached skill level 4 in Air Magic
 84193 | Zot:2    | Reached skill level 7 in Spellcasting
 84235 | Zot:2    | Reached skill level 12 in Translocations
 84235 | Zot:2    | Reached skill level 5 in Air Magic
 84728 | Zot:2    | Reached skill level 6 in Air Magic
 84740 | Zot:2    | Reached skill level 8 in Spellcasting
 85066 | Zot:2    | Noticed a curse toe
 85078 | Zot:2    | Killed a curse toe
 85079 | Zot:2    | Reached skill level 7 in Air Magic
 85412 | Zot:2    | Noticed a curse toe
 85417 | Zot:2    | Reached skill level 9 in Spellcasting
 85435 | Zot:2    | Killed a curse toe
 85518 | Zot:2    | Reached skill level 8 in Air Magic
 86214 | D:15     | Gained mutation: Your spells are a little easier to cast,
                  | but a little less powerful. [potion of mutation]
 86214 | D:15     | Gained mutation: Your mind is acute. (Int +4, Str/Dex -1)
                  | [potion of mutation]
 86214 | D:15     | Gained mutation: Your body sometimes deteriorates upon
                  | taking damage. [potion of mutation]
 86214 | D:15     | Gained mutation: You are somewhat resistant to further
                  | mutation. [potion of mutation]
 86215 | D:15     | Lost mutation: You are somewhat resistant to further
                  | mutation. [potion of mutation]
 86215 | D:15     | Lost mutation: Your spells are a little easier to cast, but
                  | a little less powerful. [potion of mutation]
 86215 | D:15     | Lost mutation: Your body sometimes deteriorates upon taking
                  | damage. [potion of mutation]
 86215 | D:15     | Gained mutation: You sometimes lose your temper in combat.
                  | [potion of mutation]
 86215 | D:15     | Gained mutation: You are weak. (Str -2) [potion of
                  | mutation]
 86216 | D:15     | Lost mutation: You are weak. (Str -2) [potion of mutation]
 86216 | D:15     | Lost mutation: Your mind is acute. (Int +4, Str/Dex -1)
                  | [potion of mutation]
 86216 | D:15     | Lost mutation: You sometimes lose your temper in combat.
                  | [potion of mutation]
 86216 | D:15     | Gained mutation: Your system is resistant to poisons.
                  | (rPois) [potion of mutation]
 86217 | D:15     | Lost mutation: Your system is resistant to poisons. (rPois)
                  | [potion of mutation]
 86217 | D:15     | Gained mutation: You occasionally shout uncontrollably at
                  | your foes. [potion of mutation]
 86218 | D:15     | Lost mutation: You occasionally shout uncontrollably at
                  | your foes. [potion of mutation]
 86218 | D:15     | Gained mutation: You possess an exceptional clarity of
                  | mind. [potion of mutation]
 86218 | D:15     | Gained mutation: Your spells are a little easier to cast,
                  | but a little less powerful. [potion of mutation]
 86218 | D:15     | Gained mutation: You are partially covered in iridescent
                  | scales. (AC +2) [potion of mutation]
 86237 | D:15     | Learned a level 4 spell: Manifold Assault
 86453 | Zot:3    | Noticed a curse toe
 86453 | Zot:3    | Noticed a curse toe
 86454 | Zot:3    | Killed a curse toe
 86454 | Zot:3    | Reached skill level 13 in Short Blades
 86454 | Zot:3    | Identified the +2 morningstar of Benel {flame, rElec rN+
                  | rCorr}
 86469 | Zot:3    | Killed a curse toe
 86931 | Zot:3    | Reached skill level 13 in Evocations
 88403 | Zot:4    | Identified the +1 robe "Arraz" {-Cast rElec Str+3}
 88411 | Zot:4    | Reached skill level 10 in Spellcasting
 88557 | Zot:4    | Reached skill level 14 in Short Blades
 88566 | Zot:4    | Reached skill level 19 in Fighting
 88775 | Zot:3    | Reached skill level 21 in Dodging
 89573 | Zot:4    | Reached skill level 9 in Air Magic
 90130 | Hell     | Entered the Vestibule of Hell
 90132 | Hell     | Noticed Geryon
 90134 | Hell     | Killed Geryon
 90187 | Depths:4 | Reached skill level 11 in Armour
 90287 | Hell     | Reached skill level 15 in Short Blades
 90358 | Hell     | Reached skill level 19 in Stealth
 90363 | Hell     | Found a gateway to the decaying netherworld of Tartarus.
 90456 | Hell     | Found a gateway to the freezing wastes of Cocytus.
 90550 | Hell     | Found a gateway to the Iron City of Dis.
 90848 | Hell     | Found a gateway to the ashen valley of Gehenna.
 91285 | Vaults:4 | Bought the scarf "Zaxeptuj" {+Inv, Regen+ Str+4 Dex+2} for
                  | 355 gold pieces
 91800 | Depths:3 | Voluntarily entered the Abyss.
 91818 | Abyss:1  | Found a corrupted altar of Lugonu.
 92253 | Abyss:1  | Found a corrupted altar of Lugonu.
 92379 | Abyss:1  | Reached skill level 17 in Shields
 92549 | Abyss:1  | Reached skill level 14 in Evocations
 93014 | Abyss:1  | Reached skill level 16 in Short Blades
 93149 | Abyss:1  | Found a corrupted altar of Lugonu.
 94230 | Abyss:2  | Found a corrupted altar of Lugonu.
 94345 | Abyss:2  | Reached skill level 10 in Air Magic
 94371 | Abyss:2  | Found a corrupted altar of Lugonu.
 94546 | Abyss:2  | Found a corrupted altar of Lugonu.
 94691 | Abyss:2  | Reached skill level 17 in Short Blades
 95078 | Abyss:2  | Found a corrupted altar of Lugonu.
 95079 | Abyss:2  | Found a corrupted altar of Lugonu.
 95079 | Abyss:2  | Found a corrupted altar of Lugonu.
 95105 | Abyss:2  | Found a corrupted altar of Lugonu.
 95111 | Abyss:2  | Found a corrupted altar of Lugonu.
 95111 | Abyss:2  | Found a corrupted altar of Lugonu.
 95425 | Abyss:2  | Found a corrupted altar of Lugonu.
 95534 | Abyss:2  | Reached skill level 20 in Stealth
 95541 | Abyss:2  | Paralysed by a floating eye for 3 turns
 95773 | Abyss:2  | Found a corrupted altar of Lugonu.
 95824 | Abyss:2  | Noticed a dread lich
 95839 | Abyss:2  | Killed a dread lich
 95840 | Abyss:2  | Reached skill level 20 in Fighting
 95840 | Abyss:2  | Reached skill level 22 in Dodging
 95847 | Abyss:2  | Reached skill level 15 in Evocations
 95945 | Abyss:2  | Noticed a dread lich
 95953 | Abyss:2  | Killed a dread lich
 95954 | Abyss:2  | Reached skill level 12 in Armour
 96019 | Abyss:2  | Found a corrupted altar of Lugonu.
 96038 | Abyss:2  | Found a corrupted altar of Lugonu.
 96075 | Abyss:2  | Found a corrupted altar of Lugonu.
 96239 | Abyss:2  | Reached skill level 18 in Short Blades
 96320 | Abyss:2  | Reached skill level 18 in Shields
 96333 | Abyss:2  | Found a corrupted altar of Lugonu.
 96405 | Abyss:2  | Found a corrupted altar of Lugonu.
 96649 | Abyss:2  | Reached skill level 11 in Air Magic
 96930 | Abyss:2  | Found a corrupted altar of Lugonu.
 97768 | Abyss:2  | Noticed an ancient lich
 97794 | Abyss:2  | Killed an ancient lich
 98413 | Abyss:2  | Found a corrupted altar of Lugonu.
 98467 | Abyss:2  | Found a corrupted altar of Lugonu.
 98540 | Abyss:2  | Found a corrupted altar of Lugonu.
 98628 | Abyss:2  | Reached skill level 21 in Stealth
 98731 | Abyss:2  | Found a corrupted altar of Lugonu.
 98732 | Abyss:2  | Found a corrupted altar of Lugonu.
 98732 | Abyss:2  | Found a corrupted altar of Lugonu.
 98796 | Abyss:2  | Found a corrupted altar of Lugonu.
 98826 | Abyss:2  | Reached skill level 16 in Evocations
 99181 | Abyss:2  | Found a corrupted altar of Lugonu.
 99384 | Abyss:2  | Found a corrupted altar of Lugonu.
 99481 | Abyss:2  | Found a corrupted altar of Lugonu.
 99810 | Abyss:2  | Reached skill level 12 in Air Magic
 99814 | Abyss:2  | Found a corrupted altar of Lugonu.
100039 | Abyss:2  | Found a corrupted altar of Lugonu.
100089 | Abyss:2  | Found a radiant altar of Vehumet.
100542 | Abyss:2  | Found a corrupted altar of Lugonu.
100619 | Abyss:2  | Reached skill level 19 in Short Blades
100619 | Abyss:2  | Reached skill level 13 in Armour
100723 | Abyss:2  | Reached skill level 21 in Fighting
100742 | Abyss:2  | Noticed a dread lich
100760 | Abyss:2  | Killed a dread lich
100808 | Abyss:2  | Found a corrupted altar of Lugonu.
100883 | Abyss:2  | Reached skill level 23 in Dodging
100912 | Abyss:2  | Found a corrupted altar of Lugonu.
100920 | Abyss:2  | Found a corrupted altar of Lugonu.
100920 | Abyss:2  | Found a corrupted altar of Lugonu.
101062 | Abyss:2  | Found a corrupted altar of Lugonu.
101354 | Abyss:3  | Got an abyssal rune of Zot
101428 | Depths:3 | You pass through the gate.
101428 | Depths:3 | Escaped the Abyss
101782 | Tomb:1   | Entered Level 1 of the Tomb of the Ancients
102036 | Tomb:1   | Noticed Boris
102055 | Tomb:1   | Killed Boris
102056 | Tomb:1   | Reached skill level 22 in Stealth
102192 | Tomb:1   | Reached skill level 17 in Evocations
102221 | Tomb:1   | Reached skill level 20 in Short Blades
102637 | Tomb:1   | Noticed a royal mummy
102648 | Tomb:1   | Killed a royal mummy
102700 | Tomb:1   | Noticed a royal mummy
102703 | Tomb:1   | Killed a royal mummy
103585 | Zot:5    | Entered Level 5 of the Realm of Zot
103684 | Zot:5    | Noticed a curse toe
103697 | Zot:5    | Killed a curse toe
103734 | Zot:5    | Reached skill level 19 in Shields
104556 | Zot:5    | Noticed an ancient lich
104558 | Zot:5    | Killed an ancient lich
104600 | Zot:5    | Noticed an electric golem
104852 | Zot:5    | Noticed an ancient lich
104855 | Zot:5    | Killed an ancient lich
104929 | Zot:5    | Noticed an electric golem
104934 | Zot:5    | Killed an electric golem
104983 | Zot:5    | Reached skill level 23 in Stealth
105013 | Zot:5    | Noticed an ancient lich
105013 | Zot:5    | Noticed a dread lich
105037 | Zot:5    | Killed a dread lich
105038 | Zot:5    | Reached skill level 18 in Evocations
105049 | Zot:5    | Killed an ancient lich
105050 | Zot:5    | Reached skill level 14 in Armour
105050 | Zot:5    | Noticed a Killer Klown
105064 | Zot:5    | Killed a Killer Klown
105091 | Zot:5    | Reached skill level 22 in Fighting
105092 | Zot:5    | Noticed an orb of fire
105097 | Zot:5    | Noticed a Killer Klown
105102 | Zot:5    | Killed an orb of fire
105102 | Zot:5    | Killed a Killer Klown
105202 | Zot:5    | Noticed a dread lich
105224 | Zot:5    | Killed a dread lich
105225 | Zot:5    | Reached skill level 24 in Dodging
105243 | Zot:5    | Killed an electric golem
105263 | Zot:5    | Noticed an ancient lich
105277 | Zot:5    | Killed an ancient lich
105332 | Zot:5    | Noticed a dread lich
105338 | Zot:5    | Noticed an orb of fire
105338 | Zot:5    | Noticed a Killer Klown
105348 | Zot:5    | Killed a dread lich
105363 | Zot:5    | Noticed a Killer Klown
105373 | Zot:5    | Killed an orb of fire
105386 | Zot:5    | Noticed an ancient lich
105426 | Zot:5    | Killed a Killer Klown
105551 | Zot:5    | Killed a Killer Klown
105595 | Zot:5    | Killed an ancient lich
105661 | Zot:5    | Noticed a dread lich
105674 | Zot:5    | Killed a dread lich
105686 | Zot:5    | Noticed a curse toe
105699 | Zot:5    | Killed a curse toe
105770 | Zot:5    | Reached skill level 24 in Stealth
105807 | Zot:5    | Noticed an orb of fire
105810 | Zot:5    | Killed an orb of fire
105836 | Zot:5    | Noticed an orb of fire
105863 | Zot:5    | Killed an orb of fire
106627 | Pan      | Entered Pandemonium
106705 | Pan      | Noticed Laetiur the pandemonium lord
106738 | Pan      | Killed Laetiur the pandemonium lord
106810 | Pan      | Reached skill level 15 in Armour
106828 | Pan      | Reached skill level 23 in Fighting
106828 | Pan      | Reached skill level 20 in Shields
107253 | Pan      | Identified the +5 flail of the Sun {freeze, rElec rPois rF-
                  | rCorr}
107727 | Pan      | Noticed Ofopt the pandemonium lord
107730 | Pan      | Killed Ofopt the pandemonium lord
108822 | Pan      | Reached skill level 24 in Fighting
108832 | Pan      | Learned a level 4 spell: Animate Dead
109028 | Pan      | Found an exit through the horrors of the Abyss.
109114 | Pan      | Reached skill level 1 in Necromancy
109143 | Pan      | Noticed Beuraunirgh the pandemonium lord
109144 | Pan      | Killed Beuraunirgh the pandemonium lord
109145 | Pan      | Reached skill level 2 in Necromancy
109376 | Pan      | Reached skill level 3 in Necromancy
109693 | Pan      | Reached skill level 4 in Necromancy
109753 | Pan      | Found a transporter.
109825 | Pan      | Found a transporter.
110118 | Pan      | Reached skill level 5 in Necromancy
110472 | Pan      | Reached skill level 6 in Necromancy
110494 | Pan      | Identified the +0 pair of gloves of Gudaud {Harm +Inv rElec
                  | Regen+}
110515 | Pan      | Identified the ring of the Fifty Seas {rF- rC+ rN+++ EV+5
                  | SInv}
111027 | Pan      | Identified the ring of the First Nightmares {MP+9 Int+5
                  | Stlth+}
111065 | Pan      | Noticed Gouqatyah the pandemonium lord
111076 | Pan      | Killed Gouqatyah the pandemonium lord
111077 | Pan      | Reached skill level 7 in Necromancy
111366 | Pan      | Entered the realm of Mnoleg.
111936 | Pan      | Noticed Mnoleg
111959 | Pan      | Killed Mnoleg
111960 | Pan      | Reached skill level 8 in Necromancy
112069 | Pan      | Got a glowing rune of Zot
112454 | Pan      | Learned a level 6 spell: Death Channel
112463 | Pan      | Reached skill level 9 in Necromancy
112479 | Pan      | Found a huge runed translucent gate.
112481 | Pan      | Found a huge runed translucent gate.
112705 | Pan      | Reached skill level 25 in Dodging
112792 | Pan      | Found an exit through the horrors of the Abyss.
112920 | Pan      | Found a huge runed translucent gate.
112920 | Pan      | Found a huge runed translucent gate.
112928 | Pan      | Noticed Zugurux the pandemonium lord
113500 | Pan      | Killed Zugurux the pandemonium lord
113501 | Pan      | Reached skill level 10 in Necromancy
113531 | Pan      | Entered the realm of Lom Lobon.
113606 | Pan      | Found an exit through the horrors of the Abyss.
114108 | Pan      | Reached skill level 25 in Fighting
114254 | Pan      | Identified the +4 short sword of Disorder {protect, rF+
                  | Will+ Dex-4}
114746 | Pan      | Noticed Lom Lobon
114748 | Pan      | Killed Lom Lobon
114767 | Pan      | Reached skill level 11 in Necromancy
114774 | Pan      | Got a magical rune of Zot
114994 | Pan      | Upgraded the game from 0.31-a0-875-g02e7d12df6 to
                  | 0.31-a0-876-gfe8ebadbca
115153 | Pan      | Reached skill level 21 in Short Blades
115508 | Pan      | Noticed Cosmar the pandemonium lord
115509 | Pan      | Killed Cosmar the pandemonium lord
116480 | Pan      | Noticed Eraiskun the pandemonium lord
116509 | Pan      | Killed Eraiskun the pandemonium lord
116510 | Pan      | Reached skill level 12 in Necromancy
116925 | Pan      | Entered the realm of Cerebov.
116925 | Pan      | Found the +6 sword of Cerebov {flame}
116925 | Pan      | Noticed Cerebov
116926 | Pan      | Killed Cerebov
116959 | Pan      | Got a fiery rune of Zot
116977 | Pan      | Identified the +7 plate armour of Okhlioho {rN+ Dex+2}
116984 | Pan      | Identified the +2 chain mail "Voclimae" {Rampage rF+ Will+}
116987 | Pan      | Identified the amulet of Ziughoir {Spirit rCorr MP+9 Str-5
                  | Int+5}
117069 | Pan      | Identified a scarf of resistance
117085 | Pan      | Identified the +11 glaive "Ereni" {holy, rPois Str+3}
117089 | Pan      | Identified the +2 ring mail "Mefrih" {*Corrode rC++ Str+3}
117144 | Pan      | Identified the +9 war axe of Goib {elec, Fly rC+++ Int-5}
117145 | Pan      | Identified the staff of Tenacity {rF+ rC+ Ice}
117148 | Pan      | Got a fuliginous book
117154 | Pan      | Identified the staff "Moowoh" {Fly rPois rF+ Will+ Fire}
117448 | Pan      | Reached skill level 13 in Necromancy
118062 | Pan      | Entered the realm of Gloorx Vloq.
118062 | Pan      | Noticed a curse skull
118063 | Pan      | Killed a curse skull
118186 | Pan      | Noticed Gloorx Vloq
118187 | Pan      | Killed Gloorx Vloq
118211 | Pan      | Got a dark rune of Zot
118224 | Pan      | Noticed a curse skull
118225 | Pan      | Killed a curse skull
118263 | Pan      | Reached skill level 22 in Short Blades
118263 | Pan      | Reached skill level 26 in Dodging
118305 | Pan      | Reached skill level 25 in Stealth
118415 | Pan      | Found an exit through the horrors of the Abyss.
118834 | Pan      | Reached skill level 14 in Necromancy
119993 | Pan      | Reached skill level 26 in Fighting
120206 | Pan      | Noticed Plog the pandemonium lord
121877 | Pan      | Killed Plog the pandemonium lord
121878 | Pan      | Reached skill level 15 in Necromancy
121896 | Pan      | Got a demonic rune of Zot
122047 | Depths:1 | You pass through the gate.
122047 | Depths:1 | Escaped Pandemonium
122214 | Tar:1    | Entered Level 1 of Tartarus
123222 | Tar:5    | Reached skill level 26 in Stealth
124036 | Tar:7    | Entered Level 7 of Tartarus
124060 | Tar:7    | Reached skill level 14 in Long Blades
124330 | Tar:7    | Reached skill level 27 in Dodging
124330 | Tar:7    | Reached skill level 19 in Evocations
125651 | Tar:7    | Identified the +4 mace of Tartarus {heavy, rN+ Int+4 Dex-2}
125672 | Tar:7    | Identified the amulet of Offeocad {RegenMP Rampage Int+2
                  | Slay+3}
125806 | Tar:7    | Reached skill level 27 in Stealth
125851 | Tar:7    | Reached skill level 27 in Fighting
125877 | Tar:7    | Identified the +5 lajatang "Wusk" {antimagic, rF+++ Will-
                  | Str-3}
125897 | Tar:7    | Identified the ring "Lugi" {rElec rPois Dex+6}
126975 | Tar:7    | Reached skill level 20 in Evocations
127030 | Tar:7    | Identified the staff "Ogreslayer" {rF+ rC+ rN+ Str+3 Stlth-
                  | Fire}
127048 | Tar:7    | Reached skill level 15 in Long Blades
127312 | Tar:7    | Noticed Ereshkigal
127776 | Tar:7    | Killed Ereshkigal
127812 | Tar:7    | Got a bone rune of Zot
128115 | Coc:1    | Entered Level 1 of Cocytus
128827 | Coc:2    | Noticed a shard shrike
128829 | Coc:2    | Noticed a shard shrike
128830 | Coc:2    | Noticed a shard shrike
128832 | Coc:2    | Noticed a shard shrike
128838 | Coc:2    | Killed a shard shrike
128840 | Coc:2    | Killed a shard shrike
128840 | Coc:2    | Killed a shard shrike
128841 | Coc:2    | Killed a shard shrike
129027 | Coc:3    | Reached skill level 21 in Evocations
129028 | Coc:3    | Noticed a juggernaut
129041 | Coc:3    | Killed a juggernaut
129329 | Coc:4    | Reached skill level 16 in Long Blades
129863 | Coc:6    | Noticed a shard shrike
129864 | Coc:6    | Noticed a shard shrike
129865 | Coc:6    | Noticed a shard shrike
129865 | Coc:6    | Noticed a shard shrike
129876 | Coc:6    | Killed a shard shrike
129877 | Coc:6    | Reached skill level 16 in Armour
129891 | Coc:6    | Killed a shard shrike
129895 | Coc:6    | Killed a shard shrike
129916 | Coc:6    | Killed a shard shrike
130394 | Coc:7    | Entered Level 7 of Cocytus
130404 | Coc:7    | Noticed a shard shrike
130408 | Coc:7    | Noticed a shard shrike
130413 | Coc:7    | Killed a shard shrike
130415 | Coc:7    | Killed a shard shrike
130416 | Coc:7    | Reached skill level 21 in Shields
130439 | Coc:7    | Noticed a shard shrike
130442 | Coc:7    | Killed a shard shrike
130545 | Coc:7    | Noticed a shard shrike
130555 | Coc:7    | Killed a shard shrike
130570 | Coc:7    | Noticed a shard shrike
130578 | Coc:7    | Killed a shard shrike
130749 | Coc:7    | Noticed a shard shrike
130759 | Coc:7    | Killed a shard shrike
130779 | Coc:7    | Noticed a shard shrike
130781 | Coc:7    | Killed a shard shrike
130788 | Coc:7    | Noticed a shard shrike
130795 | Coc:7    | Killed a shard shrike
130938 | Coc:7    | Noticed a shard shrike
130949 | Coc:7    | Killed a shard shrike
130976 | Coc:7    | Reached skill level 17 in Armour
130984 | Coc:7    | Paralysed by a wendigo for 1 turns
131073 | Coc:7    | Noticed a shard shrike
131076 | Coc:7    | Noticed a shard shrike
131077 | Coc:7    | Noticed a shard shrike
131080 | Coc:7    | Killed a shard shrike
131084 | Coc:7    | Killed a shard shrike
131084 | Coc:7    | Killed a shard shrike
131088 | Coc:7    | Noticed a shard shrike
131090 | Coc:7    | Killed a shard shrike
131090 | Coc:7    | Noticed a shard shrike
131093 | Coc:7    | Killed a shard shrike
131098 | Coc:7    | Noticed a shard shrike
131103 | Coc:7    | Killed a shard shrike
131104 | Coc:7    | Noticed a shard shrike
131104 | Coc:7    | Noticed a shard shrike
131109 | Coc:7    | Killed a shard shrike
131114 | Coc:7    | Killed a shard shrike
131347 | Coc:7    | Reached skill level 17 in Long Blades
131504 | Coc:7    | Identified the +9 long sword of Vidghis {heavy, *Corrode
                  | rElec Int+2}
131504 | Coc:7    | Noticed Antaeus
131512 | Coc:7    | Killed Antaeus
131513 | Coc:7    | Reached skill level 22 in Shields
131523 | Coc:7    | Got an icy rune of Zot
131558 | Coc:7    | Got a gaudy book
131849 | Coc:7    | Noticed a shard shrike
131853 | Coc:7    | Killed a shard shrike
132492 | Tomb:1   | Noticed a royal mummy
132492 | Tomb:1   | Noticed a royal mummy
132492 | Tomb:1   | Noticed a royal mummy
132493 | Tomb:1   | Noticed a royal mummy
132494 | Tomb:1   | Killed a royal mummy
132494 | Tomb:1   | Reached skill level 18 in Armour
132494 | Tomb:1   | Killed a royal mummy
132522 | Tomb:1   | Killed a royal mummy
132525 | Tomb:1   | Noticed a royal mummy
132528 | Tomb:1   | Noticed a royal mummy
132530 | Tomb:1   | Noticed a royal mummy
132533 | Tomb:1   | Killed a royal mummy
132548 | Tomb:1   | Killed a royal mummy
132558 | Tomb:1   | Killed a royal mummy
132564 | Tomb:1   | Noticed a royal mummy
132564 | Tomb:1   | Noticed a royal mummy
132576 | Tomb:1   | Killed a royal mummy
132589 | Tomb:1   | Killed a royal mummy
132606 | Tomb:1   | Killed a royal mummy
132748 | Tomb:1   | Noticed a royal mummy
132751 | Tomb:1   | Killed a royal mummy
132762 | Tomb:1   | Noticed a royal mummy
132765 | Tomb:1   | Killed a royal mummy
132767 | Tomb:1   | Noticed a royal mummy
132770 | Tomb:1   | Killed a royal mummy
132773 | Tomb:1   | Noticed a royal mummy
132775 | Tomb:1   | Noticed a royal mummy
132776 | Tomb:1   | Killed a royal mummy
132778 | Tomb:1   | Killed a royal mummy
132781 | Tomb:1   | Noticed a royal mummy
132784 | Tomb:1   | Killed a royal mummy
132786 | Tomb:1   | Noticed a royal mummy
132789 | Tomb:1   | Killed a royal mummy
132809 | Tomb:1   | Noticed a royal mummy
132829 | Tomb:1   | Killed a royal mummy
132869 | Tomb:1   | Noticed a royal mummy
132871 | Tomb:1   | Noticed a royal mummy
132874 | Tomb:1   | Noticed a royal mummy
132880 | Tomb:1   | Noticed a royal mummy
132887 | Tomb:1   | Killed a royal mummy
132898 | Tomb:1   | Killed a royal mummy
132913 | Tomb:1   | Killed a royal mummy
132915 | Tomb:1   | Noticed a royal mummy
132922 | Tomb:1   | Killed a royal mummy
132933 | Tomb:1   | Killed a royal mummy
134195 | Tomb:2   | Noticed a royal mummy
134201 | Tomb:2   | Killed a royal mummy
134207 | Tomb:2   | Noticed a royal mummy
134209 | Tomb:2   | Noticed a royal mummy
134217 | Tomb:2   | Killed a royal mummy
134219 | Tomb:2   | Noticed a royal mummy
134224 | Tomb:2   | Killed a royal mummy
134230 | Tomb:2   | Killed a royal mummy
134237 | Tomb:2   | Noticed a royal mummy
134243 | Tomb:2   | Killed a royal mummy
134261 | Tomb:2   | Reached skill level 19 in Armour
134615 | Tomb:2   | Reached skill level 23 in Shields
134817 | Tomb:3   | Entered Level 3 of the Tomb of the Ancients
134853 | Tomb:3   | Noticed a royal mummy
134856 | Tomb:3   | Killed a royal mummy
134878 | Tomb:3   | Noticed a royal mummy
134879 | Tomb:3   | Killed a royal mummy
134897 | Tomb:3   | Noticed a royal mummy
134897 | Tomb:3   | Noticed a royal mummy
134897 | Tomb:3   | Noticed a royal mummy
134901 | Tomb:3   | Noticed a royal mummy
134959 | Tomb:3   | Found the +10 dark maul {heavy}
135005 | Tomb:3   | Noticed a royal mummy
135032 | Tomb:3   | Killed a royal mummy
135243 | Tomb:3   | Noticed a royal mummy
135266 | Tomb:3   | Killed a royal mummy
135484 | Tomb:3   | Killed a royal mummy
135601 | Tomb:3   | Killed a royal mummy
135602 | Tomb:3   | Noticed a royal mummy
135782 | Tomb:3   | Reached skill level 18 in Long Blades
135783 | Tomb:3   | Killed a royal mummy
136038 | Tomb:3   | Killed a royal mummy
136070 | Tomb:3   | Killed a royal mummy
136175 | Tomb:3   | Identified the +1 leather armour of Failure {Str+3 Int+2}
136188 | Tomb:3   | Identified the +7 mace of Plague {vamp, rPois rCorr Stlth+}
136368 | Tomb:3   | Found the +8 trishula "Condemnation" {holy, anguish, *Noise
                  | Fly rN+}
136422 | Tomb:3   | Identified the ring "Neheinir" {rElec Str+6 Int+3}
136482 | Tomb:3   | Got a golden rune of Zot
137271 | Geh:1    | Entered Level 1 of Gehenna
138403 | Geh:3    | Reached skill level 20 in Armour
139554 | Geh:6    | Reached skill level 24 in Shields
139681 | Geh:6    | Noticed an ancient lich
139681 | Geh:6    | Killed an ancient lich
139908 | Geh:7    | Entered Level 7 of Gehenna
140229 | Geh:7    | Reached skill level 21 in Armour
140590 | Geh:7    | Identified the +6 demon blade of Sharkskin {elec, Drain
                  | +Blink rN+ Str+7}
141405 | Geh:7    | Found the +13 sceptre of Asmodeus
141405 | Geh:7    | Noticed Asmodeus
141407 | Geh:7    | Killed Asmodeus
141419 | Geh:7    | Identified the ring "Kakomunag" {Fire Dex+4}
141450 | Geh:7    | Identified the +2 battleaxe of Generosity {elec, rN+ Will+}
141453 | Geh:7    | Identified the ring "Pygrab" {Fire Will+ SInv}
141457 | Geh:7    | Identified the ring "Omnaem" {rCorr Dex+6}
141483 | Geh:7    | Identified the +3 leather armour of Repulsion {Rampage
                  | Will+}
141495 | Geh:7    | Identified the +0 demon blade of Demonkind {elec, Contam
                  | rN+ Str+3}
141506 | Geh:7    | Identified the +1 hand axe of a bailey {freeze, Str+3}
141516 | Geh:7    | Got an obsidian rune of Zot
141946 | D:13     | Bought a scroll of blinking for 105 gold pieces
142114 | Dis:1    | Entered Level 1 of the Iron City of Dis
142144 | Dis:1    | Noticed a caustic shrike
142150 | Dis:1    | Noticed a caustic shrike
142150 | Dis:1    | Noticed a caustic shrike
142151 | Dis:1    | Noticed a caustic shrike
142164 | Dis:1    | Killed a caustic shrike
142185 | Dis:1    | Killed a caustic shrike
142188 | Dis:1    | Killed a caustic shrike
142189 | Dis:1    | Reached skill level 25 in Shields
142190 | Dis:1    | Killed a caustic shrike
142194 | Dis:1    | You fall into a shaft and drop 1 floor!
142204 | Dis:2    | Noticed a caustic shrike
142205 | Dis:2    | Noticed a caustic shrike
142223 | Dis:2    | Noticed a caustic shrike
142223 | Dis:2    | Killed a caustic shrike
142229 | Dis:2    | Killed a caustic shrike
142235 | Dis:2    | Killed a caustic shrike
142259 | Dis:2    | Noticed an ancient lich
142263 | Dis:2    | Killed an ancient lich
142394 | Dis:3    | Noticed a caustic shrike
142396 | Dis:3    | Noticed a caustic shrike
142396 | Dis:3    | Killed a caustic shrike
142397 | Dis:3    | Noticed a caustic shrike
142398 | Dis:3    | Noticed a caustic shrike
142401 | Dis:3    | Killed a caustic shrike
142403 | Dis:3    | Killed a caustic shrike
142407 | Dis:3    | Killed a caustic shrike
142408 | Dis:3    | Reached skill level 22 in Armour
142644 | Dis:4    | Noticed a caustic shrike
142644 | Dis:4    | Noticed a caustic shrike
142649 | Dis:4    | Noticed a caustic shrike
142649 | Dis:4    | Noticed a caustic shrike
142649 | Dis:4    | Noticed a caustic shrike
142649 | Dis:4    | Killed a caustic shrike
142649 | Dis:4    | Killed a caustic shrike
142651 | Dis:4    | Killed a caustic shrike
142654 | Dis:4    | Killed a caustic shrike
142659 | Dis:4    | Killed a caustic shrike
142916 | Dis:5    | Noticed a caustic shrike
142917 | Dis:5    | Noticed a caustic shrike
142917 | Dis:5    | Noticed a caustic shrike
142917 | Dis:5    | Noticed a caustic shrike
142932 | Dis:5    | Killed a caustic shrike
142933 | Dis:5    | Killed a caustic shrike
142944 | Dis:5    | Killed a caustic shrike
142947 | Dis:5    | Killed a caustic shrike
143034 | Dis:6    | Noticed a caustic shrike
143035 | Dis:6    | Noticed a caustic shrike
143036 | Dis:6    | Noticed a caustic shrike
143036 | Dis:6    | Noticed a caustic shrike
143037 | Dis:6    | Noticed a caustic shrike
143038 | Dis:6    | Killed a caustic shrike
143038 | Dis:6    | Killed a caustic shrike
143039 | Dis:6    | Killed a caustic shrike
143039 | Dis:6    | Killed a caustic shrike
143040 | Dis:6    | Killed a caustic shrike
143140 | Dis:7    | Entered Level 7 of the Iron City of Dis
143528 | Dis:7    | Noticed a caustic shrike
143540 | Dis:7    | Noticed a caustic shrike
143541 | Dis:7    | Noticed a caustic shrike
143541 | Dis:7    | Noticed a caustic shrike
143552 | Dis:7    | Killed a caustic shrike
143557 | Dis:7    | Killed a caustic shrike
143562 | Dis:7    | Killed a caustic shrike
143567 | Dis:7    | Killed a caustic shrike
143631 | Dis:7    | Reached skill level 26 in Shields
143775 | Dis:7    | Reached skill level 23 in Armour
143781 | Dis:7    | Noticed a caustic shrike
143781 | Dis:7    | Noticed a caustic shrike
143781 | Dis:7    | Noticed a caustic shrike
143781 | Dis:7    | Noticed a caustic shrike
143781 | Dis:7    | Noticed a caustic shrike
143782 | Dis:7    | Noticed a caustic shrike
143800 | Dis:7    | Killed a caustic shrike
143803 | Dis:7    | Killed a caustic shrike
143809 | Dis:7    | Killed a caustic shrike
143811 | Dis:7    | Killed a caustic shrike
143814 | Dis:7    | Killed a caustic shrike
143814 | Dis:7    | Killed a caustic shrike
143824 | Dis:7    | Noticed a caustic shrike
143826 | Dis:7    | Noticed a caustic shrike
143827 | Dis:7    | Killed a caustic shrike
143829 | Dis:7    | Killed a caustic shrike
143881 | Dis:7    | Noticed a caustic shrike
143891 | Dis:7    | Killed a caustic shrike
143896 | Dis:7    | Noticed a caustic shrike
143901 | Dis:7    | Killed a caustic shrike
144273 | Dis:7    | Noticed a caustic shrike
144285 | Dis:7    | Killed a caustic shrike
144361 | Dis:7    | Noticed a caustic shrike
144363 | Dis:7    | Killed a caustic shrike
144473 | Dis:7    | Noticed a caustic shrike
144480 | Dis:7    | Killed a caustic shrike
144497 | Dis:7    | Noticed a caustic shrike
144502 | Dis:7    | Killed a caustic shrike
144721 | Dis:7    | Noticed a caustic shrike
144729 | Dis:7    | Noticed Dispater
144745 | Dis:7    | Killed a caustic shrike
145015 | Dis:7    | Killed Dispater
145032 | Dis:7    | Identified the staff of a Labyrinth {rC+ Will+ Dex+3 Ice}
145105 | Dis:7    | Got an iron rune of Zot
145213 | Dis:7    | Identified the +0 crystal plate armour "Nuih" {MP+9 Int+3}
145788 | Zot:5    | Got the Orb of Zot
146352 | D:$      | Escaped with the Orb!

Vanquished Creatures
  Cerebov (Pan)
  Antaeus (Coc:7)
  Asmodeus (Geh:7)
  the Royal Jelly (Slime:5)
  Dissolution (Slime:2)
  Gloorx Vloq (Pan)
  Ereshkigal (Tar:7)
  Mnoleg (Pan)
  Lom Lobon (Pan)
  Dispater (Dis:7)
  10 dread liches (Vaults:4 Vaults:5 Abyss:2 Zot:5)
  4 orbs of fire (Zot:5)
  8 ancient liches (Depths:4 Abyss:2 Zot:5 Geh:6)
  2 juggernauts (Depths:3 Depths:4)
  Mennas (Vaults:3)
  35 royal mummies (Tomb:1 Tomb:2 Tomb:3)
  21 shard shrikes (Coc:2 Coc:6 Coc:7)
  Boris (twice) (Depths:4 Tomb:1)
  Parghit (Depths:3)
  4 Killer Klowns (Zot:5)
  The ghost of Onnujuk the Slayer, a veteran MiBe of Trog (Elf:2)
  6 curse toes (Zot:2 Zot:3 Zot:5)
  Vashnia (Snake:4)
  Geryon (Hell)
  Xtahua (Crypt:2)
  34 caustic shrikes (Depths:4 Dis:1 Dis:2 Dis:3 Dis:4)
  11 golden dragons (Depths:4 Vaults:5 Zot:1 Zot:2 Zot:4)
  14 profane servitors (Crypt:3 Abyss:2 Abyss:3 Tar:2 Tar:4)
  23 bone dragons (Crypt:3 Abyss:1 Abyss:2 Tar:2 Tar:7)
  9 doom hounds (Tar:2 Tar:3 Tar:5 Tar:6 Tar:7)
  5 electric golems (Zot:1 Zot:5)
  A shard shrike zombie (Crypt:3)
  23 Tzitzimimeh (Pan Tar:2 Tar:5 Tar:7)
  7 iron giants (Coc:3 Dis:5 Dis:7)
  24 hellephants (Pan Geh:3 Geh:4 Geh:5 Geh:6)
  Rupert (Snake:1)
  2 spectral shard shrikes (Tar:4 Tar:6)
  19 Brimstone Fiends (Pan Geh:1 Geh:2 Geh:5 Geh:6)
  Zenata (Crypt:2)
  20 tentacled monstrosities (Depths:4 Vaults:5 Zot:1 Zot:2 Zot:3)
  Jorgrun (Snake:1)
  21 Ice Fiends (Pan Coc:1 Coc:5 Coc:6 Coc:7)
  22 Hell Sentinels (Abyss:2 Pan Dis:2 Dis:6 Dis:7)
  4 deep elf blademasters (Elf:3)
  20 liches (Crypt:1 Crypt:3 Depths:1 Depths:3 Depths:4)
  20 tainted leviathans (Tar:3 Tar:4 Tar:6 Tar:7 Coc:3)
  26 Orb Guardians (Zot:5 D:3)
  18 searing wretches (Geh:1 Geh:3 Geh:4 Geh:7)
  A walking earthen tome (WizLab)
  A walking divine tome (Depths:3)
  3 deep elf master archers (Elf:3 Depths:4)
  14 titans (Vaults:5 Coc:2 Coc:3 Coc:4 Coc:5)
  Polyphemus (Shoals:2)
  20 Executioners (Abyss:2 Pan)
  A kraken (Shoals:3)
  Frances (Orc:2)
  8 quicksilver dragons (Depths:3 Zot:1 Zot:4 Abyss:2 Zot:5)
  3 walking frostbound tomes (WizLab Depths:3)
  24 acid blobs (Slime:1 Slime:2 Slime:3 Slime:4 Slime:5)
  12 sphinxes (Shoals:4 Vaults:3 Depths:3 Vaults:5 Tomb:1)
  23 ancient champions (Hell Tomb:1 Tomb:3 Dis:1 Dis:2)
  Gastronok (Lair:2)
  12 death cobs (Zot:1 Zot:2 Zot:3 Zot:4 Zot:5)
  43 tentacled starspawn (Abyss:1 Abyss:2 Abyss:3)
  14 shadow dragons (Depths:4 Vaults:5 Zot:2 Zot:3 Hell)
  Roxanne (Shoals:1)
  12 azure jellies (Lair:5 Slime:1 Slime:2 Slime:3 Slime:5)
  5 draconian monks (Zot:1 Zot:3 Zot:4 Zot:5)
  9 tengu reavers (Vaults:1 Vaults:4 Depths:3 Depths:4 Vaults:5)
  A daeva (Abyss:2)
  12 storm dragons (Vaults:1 Depths:3 Vaults:5 Zot:1 Zot:4)
  Aizul (Snake:1)
  7 nagarajas (Snake:2 Snake:3 Snake:4)
  2 strange machines (WizLab)
  13 demonspawn warmongers (Pan)
  4 revenants (Crypt:1 Abyss:1 Tomb:1)
  12 draconian knights (Zot:1 Zot:2 Zot:3 Zot:4 Zot:5)
  20 rockslimes (Lair:5 Slime:1 Slime:3 Slime:4 Slime:5)
  10 frost giants (Shoals:3 Depths:2 Depths:3 Depths:4 Vaults:5)
  8 iron dragons (Depths:4 Vaults:5 Dis:7)
  23 fire giants (Depths:2 Depths:3 Depths:4 Vaults:5 Coc:3)
  8 quicksilver elementals (Dis:1 Dis:7)
  9 deep elf sorcerers (Elf:3 Depths:4 Vaults:5 Abyss:2)
  5 ghost moths (Zot:1 Zot:2 Zot:3 Zot:5)
  8 pandemonium lords (Pan)
  15 narguns (Coc:1 Coc:2 Coc:4 Coc:5 Coc:6)
  4 deep elf elementalists (Elf:3 Depths:4)
  41 balrugs (Abyss:1 Abyss:2 Pan Geh:2 Geh:4)
  8 draconian scorchers (Zot:1 Zot:2 Zot:3 Zot:4 Zot:5)
  3 juggernaut zombies (Crypt:3 Depths:4 Geh:6)
  14 vault wardens (Vaults:1 Vaults:2 Vaults:3 Vaults:5)
  A spectral juggernaut (Tar:3)
  5 shard shrike simulacra (Coc:4 Coc:5 Coc:6 Coc:7)
  9 draconian shifters (Zot:1 Zot:2 Zot:4 Zot:5)
  7 curse skulls (Crypt:1 Crypt:3 Pan)
  3 caustic shrike zombies (Crypt:3 Tomb:2 Geh:6)
  4 spectral caustic shrikes (Tar:2 Tar:3 Tar:4)
  20 ironbound preservers (Vaults:1 Vaults:2 Vaults:3 Vaults:4 Vaults:5)
  17 ghouls (Crypt:1 Crypt:2 Crypt:3 Abyss:2)
  29 reapers (Hell Pan Tar:7 Coc:1 Geh:6)
  28 cacodemons (Abyss:2 Pan Dis:7)
  2 angels (Abyss:2)
  29 war gargoyles (Vaults:3 Vaults:5 Dis:1 Dis:2 Dis:3)
  8 quicksilver oozes (Slime:2 Slime:4 Slime:5)
  7 draconian stormcallers (Zot:2 Zot:4 Abyss:2 Zot:5)
  11 formless jellyfish (Vaults:1 Vaults:3 Vaults:4 Lair:5 Slime:1)
  4 demonspawn blood saints (Pan)
  2 spriggan defenders (Depths:2)
  13 draconian annihilators (Depths:4 Zot:2 Zot:4 Abyss:3 Zot:5)
  10 demonspawn corrupters (Pan)
  32 very ugly things (Vaults:1 Depths:1 Depths:2 Depths:4 Depths:3)
  2 caustic shrike skeletons (Depths:4 Abyss:1)
  An ophan (Abyss:2)
  Nessos (D:14)
  13 black draconians (Zot:1 Zot:2 Zot:3 Zot:4 Zot:5)
  26 stone giants (Shoals:3 Vaults:3 Depths:1 Depths:2 Depths:3)
  16 wendigos (Coc:1 Coc:5 Coc:6 Coc:7)
  8 vampire knights (Depths:4 Hell Geh:6)
  5 ironbound thunderhulks (Vaults:1 Vaults:2 Vaults:3)
  25 elemental wellsprings (Coc:1 Coc:2 Coc:4 Coc:5 Coc:6)
  A spectral titan (Tar:3)
  15 green draconians (Zot:2 Zot:3 Zot:4 Zot:5)
  27 putrid mouths (Tar:1 Tar:4 Tar:5 Tar:6 Tar:7)
  2 minotaurs (Shoals:4)
  12 dire elephants (D:13 Vaults:1 Vaults:3)
  20 red draconians (Zot:1 Zot:2 Zot:3 Zot:4 Abyss:2)
  9 deep elf demonologists (Elf:1 Elf:3 Vaults:5)
  20 lorocyprocas (Hell Abyss:2 Pan)
  9 deep elf annihilators (Elf:3)
  22 yellow draconians (Zot:1 Zot:2 Zot:3 Zot:4 Zot:5)
  4 demonspawn black suns (Pan)
  19 iron golems (Hell Dis:2 Dis:5 Dis:7)
  14 white draconians (Zot:1 Zot:2 Zot:3 Zot:4 Zot:5)
  22 purple draconians (Zot:1 Zot:2 Zot:3 Zot:4 Zot:5)
  7 fire dragons (Depths:1 Depths:2 Depths:3 Depths:4)
  3 merfolk javelineers (Shoals:1 Abyss:3)
  17 eidola (Crypt:1 Crypt:3 Crypt:2 Tar:2 Tar:3)
  11 green deaths (Depths:1 Abyss:2 Pan)
  A crystal guardian (Hell)
  18 blizzard demons (Hell Abyss:1 Abyss:2 Pan Coc:1)
  20 mummy priests (Crypt:3 Tomb:1 Tomb:2 Tomb:3)
  9 ettins (Vaults:1 Vaults:4 Depths:2 Depths:3 Depths:4)
  15 great orbs of eyes (Vaults:3 Slime:1 Slime:2 Slime:3 Slime:4)
  5 spectral spriggans (Tar:3 Tar:5 Tar:7)
  5 entropy weavers (Vaults:3 Depths:4 Vaults:5 Abyss:3)
  Josephine (D:13)
  7 deep elf high priests (Elf:3 Vaults:1 Depths:4 Vaults:5)
  5 jiangshi (Crypt:1 Depths:4)
  8 merfolk impalers (Shoals:1 Shoals:2 Shoals:3 Shoals:4)
  A spectral quicksilver dragon (Tar:6)
  7 deep elf death magi (Elf:3 Vaults:3 Vaults:5)
  A sphinx zombie (Vaults:3)
  28 vault guards (Vaults:1 Vaults:5)
  3 hydras (Lair:5)
  A hell beast (Pan)
  4 juggernaut simulacra (Coc:5 Coc:6 Coc:7)
  17 yaktaur captains (Vaults:1 Vaults:2 Vaults:3 Vaults:4 Vaults:5)
  9 ice dragons (Depths:1 Depths:2 Depths:3 Depths:4)
  5 caustic shrike simulacra (Coc:1 Coc:2 Coc:6)
  3 spriggan air magi (Depths:1 Depths:2)
  3 spriggan zombies (Crypt:3 Hell Tomb:1)
  22 rakshasas (WizLab Depths:1 Depths:3 Abyss:2 Pan)
  2 salamander tyrants (Snake:4 Geh:2)
  17 centaur warriors (D:8 Orc:2 D:13 D:14 D:15)
  2 catoblepae (D:10 Shoals:2)
  An alligator snapping turtle (Shoals:3)
  2 merfolk avatars (Lair:2 Shoals:4)
  3 ogre magi (D:15 Vaults:5)
  A fenstrider witch skeleton (Pan)
  5 spriggan skeletons (Abyss:1 Abyss:2 Pan Tomb:3)
  8 stokers (Geh:5 Geh:6 Geh:7)
  13 two-headed ogres (D:13 D:15 Vaults:5)
  A peacekeeper (Vaults:3)
  9 anacondas (Snake:1 Snake:2 Snake:3 Snake:4)
  3 boulder beetles (Orc:1 D:13 D:14)
  9 ironbound frosthearts (Vaults:1 Vaults:2 Vaults:3 Vaults:4)
  8 death knights (D:13 Crypt:1 Crypt:3 Abyss:2 Geh:6)
  6 deep troll shamans (Depths:1 Depths:2 Depths:3 Depths:4)
  A merfolk aquamancer (Shoals:2)
  13 death yaks (Lair:1 Lair:2 Shoals:2)
  9 deep troll earth magi (Vaults:4 Depths:1 Depths:3 Depths:4 Vaults:5)
  56 death scarabs (Tomb:1 Tomb:2 Tomb:3)
  35 dancing weapons (Elf:1 Elf:2 Elf:3 WizLab)
  2 azure jelly zombies (Crypt:2)
  17 demonic crawlers (Hell Abyss:2 Abyss:3 Pan)
  13 satyrs (Shoals:2 Shoals:4 Abyss:3)
  12 naga warriors (Snake:1 Snake:3 Snake:4)
  3 titan zombies (Crypt:3 Abyss:1 Tomb:1)
  21 naga sharpshooters (Snake:2 Snake:3 Snake:4)
  An orc high priest (Orc:2)
  8 tengu warriors (D:14 Depths:1 Depths:3 Depths:4)
  3 spectral dire elephants (Tar:2 Tar:6)
  A spriggan berserker (Depths:4)
  8 vampire magi (Crypt:1 Depths:1 Depths:4 Geh:6)
  5 spectral nagas (Tar:1 Tar:2 Tar:3 Geh:6)
  24 thrashing horrors (Abyss:2 Abyss:3)
  52 hell hogs (Hell Abyss:2 Pan Geh:1 Geh:2)
  8 shock serpents (Snake:1 Snake:2 Snake:3 Snake:4)
  73 sun demons (Hell Abyss:2 Pan D:13 D:9)
  Nergalle (Lair:2)
  An emperor scorpion zombie (Abyss:2)
  62 soul eaters (Depths:1 Depths:2 Zot:3 Hell Depths:4)
  24 wretched stars (Abyss:1 Abyss:2 Abyss:3)
  The ghost of bakla the Shooter, a novice MeHu of Okawaru (D:7)
  Sonja (Lair:3)
  19 deep elf knights (Elf:1 Elf:2 Elf:3)
  14 sea snakes (Snake:3 Shoals:1 Shoals:2 Shoals:3 Shoals:4)
  33 shadow wraiths (Vaults:5 Hell Abyss:1 Abyss:2 Pan)
  2 skysharks (shapeshifter) (Vaults:5 Abyss:2)
  2 golden dragon zombies (Depths:1 Abyss:2)
  42 skeletal warriors (D:14 Crypt:1 Crypt:3 Abyss:2 Tomb:1)
  6 crystal echidnas (Dis:1 Dis:3 Dis:4 Dis:7)
  25 sixfirhies (Abyss:1 Abyss:2 Pan)
  A spectral bunyip (Tar:2)
  A storm dragon skeleton (Crypt:1)
  4 titan skeletons (Depths:1 Abyss:2 Pan)
  6 salamander mystics (Snake:2 Snake:3 Snake:4)
  2 skysharks (Shoals:1 Shoals:3)
  A spatial maelstrom (Abyss:2)
  9 shadow demons (Abyss:2 Pan)
  3 bunyip zombies (Crypt:3 Abyss:2)
  A fire crab (Lair:5)
  4 iron trolls (Depths:3 Hell)
  6 quicksilver dragon simulacra (Abyss:1 Coc:1 Coc:5 Coc:6 Coc:7)
  2 spark wasp zombies (Depths:4)
  An iron giant zombie (Crypt:3)
  4 orange crystal statues (D:8 Hell)
  11 glowing orange brains (Depths:1 Depths:4 Slime:3 Abyss:1 Abyss:2)
  A spectral anaconda (Tar:3)
  An anaconda skeleton (Pan)
  13 flayed ghosts (Crypt:1 Crypt:2 Crypt:3 Depths:2 Depths:4)
  22 ironbound convokers (Vaults:1 D:13 Vaults:2 Vaults:3 Vaults:4)
  4 bog bodies (Crypt:1 Crypt:2)
  11 deep elf archers (Elf:1 Elf:2 Elf:3)
  66 deep trolls (Vaults:1 D:13 Vaults:2 Vaults:3 Vaults:4)
  A fenstrider witch simulacrum (Coc:1)
  2 bunyip skeletons (Crypt:1 Tomb:2)
  A swamp dragon (Abyss:3)
  7 naga ritualists (Snake:2 Snake:3 Snake:4)
  22 lindwurms (Vaults:1 Vaults:2 Vaults:3)
  2 spectral hydras (Tar:2 Tar:3)
  30 phantasmal warriors (Vaults:2 Crypt:2 Crypt:3 Depths:4 Vaults:5)
  2 steelbarb worms (shapeshifter) (Elf:3 Vaults:5)
  2 lindwurms (shapeshifter) (Depths:2 Vaults:5)
  13 necromancers (D:15 Vaults:1 Vaults:2 Vaults:3 Vaults:4)
  15 wizards (D:15 Vaults:1 Vaults:2 Vaults:3 Vaults:4)
  Pikel (D:4)
  5 harpies (Lair:2 Shoals:4 Vaults:5)
  4 orc sorcerers (Orc:2 D:15 Elf:3 Abyss:2)
  3 spriggan simulacra (Coc:1 Coc:6 Coc:7)
  32 deep elf pyromancers (D:13 Elf:1 Elf:2 Elf:3)
  42 starcursed masses (Abyss:1 Abyss:2 Abyss:3)
  18 salamanders (Snake:1 Snake:2 Snake:3 Snake:4)
  A spectral ettin (Tar:2)
  35 deep elf zephyrmancers (D:13 D:15 Elf:1 Elf:2 Elf:3)
  A wolf spider (shapeshifter) (Depths:4)
  58 ugly things (D:7 D:8 D:13 IceCv D:14)
  3 will-o-the-wisps (Abyss:2)
  A stone giant zombie (Crypt:3)
  An oklob plant (Lair:5)
  7 orc knights (Bailey Orc:1 Orc:2 D:14 Vaults:1)
  17 mana vipers (Snake:1 Snake:2 Snake:3 Snake:4)
  12 cyclopes (D:11 D:12 D:8 Shoals:2 Shoals:3)
  8 shining eyes (Slime:1 Slime:2 Slime:3 Slime:4 Abyss:2)
  A cyclops (shapeshifter) (Vaults:5)
  A salamander (shapeshifter) (Abyss:2)
  22 fauns (Shoals:1 Shoals:2 Shoals:4)
  3 naga zombies (Abyss:2 Tomb:2 Tomb:3)
  12 manticores (D:10 D:14 Shoals:1 Shoals:2 Shoals:3)
  A spectral centaur (Tar:1)
  30 moths of wrath (Zot:1 Zot:2 Zot:3 Zot:4 Zot:5)
  A frost giant zombie (Vaults:2)
  6 rust devils (Hell Abyss:2 Pan)
  An elephant (shapeshifter) (Vaults:5)
  7 apocalypse crabs (Abyss:1 Abyss:2 Abyss:3)
  5 elephants (Lair:1 Abyss:2)
  8 worldbinders (Abyss:2 Abyss:3)
  4 dire elephant zombies (Crypt:3 Hell Abyss:2)
  3 fire giant skeletons (Depths:1 Geh:6)
  6 merfolk sirens (Shoals:1 Shoals:2 Shoals:3 Shoals:4)
  24 naga magi (Snake:1 Snake:2 Snake:3 Snake:4)
  15 vault sentinels (Vaults:1 Vaults:2 Vaults:3 Vaults:4 Vaults:5)
  5 guardian serpents (Snake:1 Snake:3 Snake:4 Abyss:3)
  7 water nymphs (Shoals:1 Shoals:2 Shoals:3 Shoals:4)
  48 black mambas (Lair:1 Lair:2 Lair:3 Lair:5 Snake:1)
  8 titan simulacra (Abyss:2 Coc:1 Coc:5 Coc:6)
  6 eyes of devastation (Slime:3 Abyss:2)
  62 smoke demons (Hell Abyss:1 Abyss:2 Pan)
  A torpor snail (Lair:1)
  5 ice statues (IceCv Coc:7)
  49 orange demons (Depths:1 Abyss:1 Abyss:2 Pan D:11)
  A centaur zombie (D:15)
  2 molten gargoyles (D:15 Hell)
  11 cane toads (Lair:1 Lair:2 Lair:3 Lair:5)
  9 unseen horrors (D:12 Abyss:2 Tar:7)
  A red draconian zombie (Crypt:1)
  A catoblepas zombie (Crypt:2)
  3 centaur skeletons (D:15 Pan)
  A gargoyle (D:12)
  13 efreet (D:13 Abyss:2 Pan)
  20 tormentors (Abyss:2 Pan Tar:4 Tar:6 Tar:7)
  2 rime drakes (Lair:2 Lair:4)
  29 yaktaurs (Vaults:1 D:13 Vaults:2 Vaults:3 Vaults:4)
  53 hellions (Abyss:2 Pan Tar:2 Tar:3 Tar:4)
  14 komodo dragons (D:12 Lair:1 Lair:2 Lair:3 Lair:4)
  2 bunyip simulacra (Coc:1)
  4 tengu conjurers (D:14 Depths:4)
  An anaconda simulacrum (Coc:1)
  20 freezing wraiths (IceCv D:13 Vaults:4 Crypt:1 Crypt:2)
  An alligator snapping turtle skeleton (Crypt:1)
  5 ice devils (D:13 Hell Abyss:2)
  29 ancient zymes (Abyss:1 Abyss:2 Abyss:3)
  39 guardian mummies (Crypt:3 Tomb:1 Tomb:2 Tomb:3)
  5 silent spectres (Abyss:2 Tar:1 Tar:3 Tar:6)
  6 red devils (Abyss:2 Pan)
  11 harpy zombies (Shoals:2 Crypt:1 Crypt:3 Abyss:2)
  18 merfolk (Shoals:1 Shoals:2 Shoals:3 Shoals:4)
  3 iron giant simulacra (Coc:5 Coc:7)
  A hydra zombie (Hell)
  5 spectral harpies (Tar:2 Tar:3 Tar:4 Tar:5)
  6 polar bears (Lair:3 Lair:5)
  22 hellwings (Depths:1 Abyss:2 Pan D:9)
  7 trolls (D:9 D:10 D:11 D:12 Orc:1)
  A queen bee (shapeshifter) (Abyss:3)
  A harpy skeleton (Pan)
  A wolf spider simulacrum (D:15)
  A merfolk (shapeshifter) (Depths:4)
  A shadow dragon simulacrum (Coc:2)
  4 hornets (D:10 Lair:5)
  22 raiju (Abyss:1 Abyss:2 Abyss:3)
  31 blink frogs (Lair:1 Lair:2 Lair:3 Lair:4 Lair:5)
  3 iron dragon simulacra (Coc:5 Coc:6)
  A blink frog (shapeshifter) (Vaults:5)
  100 large abominations (Abyss:1 Abyss:2 Abyss:3 Pan)
  3 ettin zombies (Vaults:1 Crypt:3 Abyss:2)
  21 dream sheep (Lair:3 Lair:5 Shoals:2 Shoals:3)
  189 slime creatures (D:10 D:12 D:13 D:14 D:15)
  An ice dragon zombie (Abyss:2)
  5 snapping turtles (Shoals:1 Shoals:2 Shoals:3)
  A jumping spider (shapeshifter) (D:14)
  A centaur simulacrum (Abyss:2)
  A fire dragon zombie (Geh:6)
  23 flying skulls (Crypt:1 Abyss:2 Tomb:2 Tomb:3)
  2 stone giant simulacra (Vaults:3 Coc:1)
  3 air elementals (Elf:2 Elf:3)
  33 ushabtiu (Tomb:2 Tomb:3)
  5 jumping spiders (Crypt:3)
  50 yaks (D:9 Lair:2 Lair:1 Lair:3 Lair:4)
  18 water elementals (Shoals:1 Shoals:2 Shoals:3 Shoals:4 Elf:2)
  An ettin skeleton (Crypt:1)
  2 culicivoras (shapeshifter) (D:15 Abyss:2)
  11 shadows (D:9 D:11 D:12 D:13 Crypt:3)
  2 dire elephant simulacra (Coc:2 Coc:5)
  A yak (shapeshifter) (Elf:2)
  A deep troll skeleton (Vaults:2)
  15 wraiths (D:12 D:8 D:13 Vaults:2 Crypt:1)
  7 wyverns (D:8 D:10 Lair:2 Lair:3 Lair:4)
  A fire dragon skeleton (Geh:6)
  62 ynoxinuls (Abyss:1 Abyss:2 Pan)
  4 steam dragons (D:8 D:9)
  A vampire (D:12)
  16 fire bats (Abyss:1 Abyss:2 Pan)
  12 spriggans (Lair:5)
  19 golden eyes (Slime:1 Slime:2 Slime:3 Abyss:2)
  4 basilisks (D:8 Lair:4 D:13 D:15)
  47 chaos spawn (Abyss:1 Abyss:2 Pan)
  4 fire elementals (Orc:2 Elf:1 Elf:2 Elf:3)
  A black mamba skeleton (Pan)
  39 neqoxecs (Abyss:1 Abyss:2 Abyss:3 Pan)
  A wind drake skeleton (Crypt:1)
  2 hogs (shapeshifter) (Depths:3 Depths:4)
  3 vampire mosquitoes (D:12)
  17 harpy simulacra (IceCv Coc:1 Coc:4 Coc:5 Coc:6)
  2 death yak simulacra (IceCv)
  An elf simulacrum (Vaults:3)
  27 spatial vortices (Abyss:2)
  3 redbacks (Vaults:3 Crypt:3)
  Edmund (D:6)
  5 wargs (D:12 Orc:2 D:14 D:15)
  44 nagas (Snake:1 Snake:2 Snake:3 Snake:4)
  The ghost of relicbr the Slasher, an amateur KoFi (D:3)
  2 acid dragons (D:8 D:9)
  A hydra simulacrum (Coc:5)
  24 water moccasins (D:6 D:7 Lair:1 Lair:2 Lair:3)
  17 hell hounds (Hell Abyss:2)
  3 floating eyes (Depths:2 Slime:3 Abyss:2)
  An ice beast (D:6)
  3 human zombies (Vaults:1)
  4 sky beasts (D:6 Abyss:2 Abyss:3)
  5 black bears (D:6 Lair:4 Lair:5)
  48 orc warriors (D:6 Bailey D:8 D:9 D:10)
  A black mamba simulacrum (Coc:1)
  6 ettin simulacra (Vaults:3 Coc:1 Coc:4 Coc:5 Coc:7)
  A manticore zombie (Shoals:2)
  2 blink frog zombies (Crypt:2)
  44 wolves (Lair:1 D:11 Lair:2 Lair:3 Lair:5)
  5 ogres (D:5 Orc:1 D:15 Vaults:5)
  5 boggarts (Lair:5)
  21 centaurs (D:5 D:6 D:10 D:11 Orc:2)
  A lemure (D:4)
  An elephant skeleton (Crypt:1)
  3 kobold brigands (D:8 D:9 D:11)
  A phantom (D:5)
  A vine stalker zombie (Crypt:2)
  An elf zombie (Crypt:1)
  14 bullfrogs (D:6 D:8 Lair:1 Lair:2 Lair:3)
  5 human skeletons (Vaults:2 Vaults:3)
  3 scorpions (D:5 D:6 Lair:1)
  6 earth elementals (Elf:1 Abyss:2)
  17 necrophages (Crypt:1 Crypt:2 Crypt:3)
  A cane toad simulacrum (IceCv)
  10 wights (D:7 D:8)
  2 naga simulacra (Coc:4 Coc:6)
  7 wyvern skeletons (Crypt:3)
  3 killer bees (D:10)
  A shapeshifter zombie (Crypt:1)
  58 small abominations (D:7 Abyss:1 Abyss:2 Abyss:3)
  A shapeshifter skeleton (Crypt:1)
  An electric eel (Lair:3)
  5 howler monkeys (D:4 D:5 D:6 D:9)
  A crimson imp (Abyss:1)
  A hound (D:6)
  15 quasits (Abyss:1 Abyss:2)
  7 jellies (D:4 D:6 D:7 Abyss:2)
  17 orc priests (D:6 D:8 D:11 D:12 Orc:2)
  2 gnoll boudas (D:6 D:7)
  3 sleepcaps (D:5 D:6)
  3 iguanas (D:3 D:5 D:7)
  10 iron imps (Abyss:1 Abyss:2)
  Ijyb (D:4)
  15 orc wizards (D:5 D:8 D:11 Orc:2 Orc:1)
  6 hell rats (Lair:5)
  A polar bear simulacrum (IceCv)
  A tengu simulacrum (Depths:1)
  2 wolf simulacra (IceCv)
  An acid dragon skeleton (Crypt:1)
  A tengu skeleton (Crypt:1)
  32 mummies (Crypt:3 Tomb:1 Tomb:2 Tomb:3)
  12 gnolls (D:4 D:6 D:7 D:10)
  9 adders (D:2 D:3 D:4 D:6)
  3 shadow imps (D:7 Tar:7)
  A steam dragon skeleton (Crypt:2)
  12 white imps (D:5 D:6 D:7 Vaults:4 Abyss:1)
  17 ufetubi (D:6 Vaults:4 Abyss:1 Abyss:2)
  4 worms (D:2 D:3 D:5)
  4 dart slugs (D:1 D:2 D:3 D:4)
  91 orcs (D:5 D:6 D:7 Bailey D:8)
  6 ball pythons (D:1 D:3)
  4 bats (D:1 D:2)
  13 endoplasms (D:1 D:2 D:3 D:4 Abyss:2)
  2 giant cockroaches (D:1)
  4 goblins (D:1 D:2 D:3)
  6 hobgoblins (D:1 D:2 D:4)
  2 jackals (D:1)
  17 kobolds (D:1 D:2 D:3 D:8 D:9)
  2 quokkas (D:1 D:2)
  3 frilled lizards (D:1 D:2 D:3)
  8 rats (D:1 D:2 D:3)
  A rat skeleton (Crypt:1)
  9 creeping infernos (Geh:1 Geh:2 Geh:3 Geh:4 Geh:5)
  6 fire vortices (Geh:1 Geh:3 Geh:4 Geh:7)
  6 lurking horrors (Abyss:2)
  12 starspawn tentacles (Abyss:2)
  3 tentacles (Shoals:3)
5125 creatures vanquished.

Vanquished Creatures (collateral kills)
  An ancient lich (Dis:2)
  A juggernaut (Coc:3)
  3 royal mummies (Tomb:2 Tomb:3)
  5 shard shrikes (Coc:7)
  11 caustic shrikes (Dis:1 Dis:2 Dis:4 Dis:7)
  An iron giant (Coc:3)
  3 Ice Fiends (Coc:7)
  A Hell Sentinel (Dis:3)
  11 titans (Coc:2 Coc:3 Coc:7)
  5 ancient champions (Dis:2 Dis:3 Dis:7)
  2 narguns (Coc:7)
  A revenant (Tomb:2)
  5 quicksilver elementals (Dis:3 Dis:4 Dis:5)
  A frost giant (Coc:3)
  A fire giant (Coc:3)
  A shard shrike simulacrum (Coc:7)
  6 war gargoyles (Dis:2 Dis:7)
  2 wendigos (Coc:7)
  2 elemental wellsprings (Coc:7)
  5 iron golems (Dis:5 Dis:6 Dis:7)
  A blizzard demon (Coc:1)
  2 mummy priests (Tomb:2)
  3 caustic shrike simulacra (Coc:5 Coc:7)
  5 death scarabs (Tomb:2)
  3 crystal echidnas (Dis:3 Dis:7)
  A spriggan simulacrum (Coc:7)
  A dire elephant zombie (Tomb:2)
  A titan simulacrum (Coc:5)
  A storm dragon simulacrum (Coc:2)
  A hellion (Coc:7)
  6 guardian mummies (Tomb:2 Tomb:3)
  A stone giant simulacrum (Coc:2)
  4 flying skulls (Tomb:2)
  A dire elephant simulacrum (Coc:5)
  4 ushabtiu (Tomb:2 Tomb:3)
  4 harpy simulacra (Coc:1 Coc:2 Coc:7)
  A hydra simulacrum (Coc:2)
  A gnoll bouda (D:7)
  13 mummies (Tomb:2)
  2 gnolls (D:7)
124 creatures vanquished.

Vanquished Creatures (others)
  A caustic shrike (Dis:7)
  6 shard shrike zombies (Coc:6 Coc:7)
  A storm dragon (Zot:2)
  2 draconian knights (Zot:2)
  A shard shrike simulacrum (Coc:7)
  9 caustic shrike zombies (Dis:2 Dis:7)
  A draconian stormcaller (Zot:2)
  An elemental wellspring (Coc:6)
  A white draconian (Zot:2)
  2 caustic shrike simulacra (Coc:7)
  A merfolk aquamancer (Shoals:1)
  A naga warrior (Snake:4)
  A deep elf knight (Elf:2)
  2 spriggan simulacra (Coc:1 Coc:7)
  2 wizards (Depths:4 Pan)
  3 deep elf pyromancers (Elf:1 Elf:3)
  An iron dragon zombie (Dis:7)
  An ugly thing (D:14)
  An orc knight (Bailey)
  9 death scarab zombies (Tomb:2)
  A naga mage (Snake:4)
  A bunyip simulacrum (Coc:1)
  An iron giant simulacrum (Coc:7)
  An anaconda simulacrum (Coc:7)
  2 yaks (D:9)
  2 water elementals (Elf:3)
  3 air elementals (Elf:1 Elf:3)
  A spriggan (Lair:5)
  A harpy simulacrum (Coc:5)
  A wolf (Lair:5)
  A wight (Abyss:2)
  2 killer bees (D:10)
  2 orcs (D:8 Orc:2)
  13 ball lightnings (Elf:3)
  4 creeping infernos (Geh:4 Geh:6)
  6 foxfires (Abyss:2)
  3 lurking horrors (Abyss:2 Abyss:3)
  39 starspawn tentacles (Abyss:1 Abyss:2)
  6 tentacles (Shoals:3)
137 creatures vanquished.

Grand Total: 5386 creatures vanquished

Table legend: (Time is in decaauts)
 A = Elapsed time spent in this place.
 B = Non-inter-level travel time spent in this place.
 C = Inter-level travel time spent in this place.
 D = Time resting spent in this place.
 E = Time spent auto-exploring this place.
 F = Levels seen in this place.
 G = Mean time per level.
                   A        B        C        D        E       F      G
               +--------+--------+--------+--------+--------+-----+--------+
         Total | 138858 | 116399 |  22459 |  19224 |  43218 | 110 | 1262.3 |
       Dungeon |  25404 |  17772 |   7632 |   2638 |  10424 |  15 | 1693.6 |
        Temple |     34 |      2 |     32 |      0 |      0 |   1 |   34.0 |
          Lair |   8389 |   6530 |   1859 |    665 |   3877 |   5 | 1677.8 |
        Shoals |   5873 |   5444 |    429 |    885 |   2189 |   4 | 1468.2 |
     Snake Pit |   4737 |   4043 |    694 |    362 |   2113 |   4 | 1184.2 |
    Slime Pits |   6160 |   5426 |    734 |    495 |   2024 |   5 | 1232.0 |
  Orcish Mines |   2099 |   1719 |    380 |    221 |    611 |   2 | 1049.5 |
   Elven Halls |   5960 |   5220 |    740 |   1433 |   1743 |   3 | 1986.7 |
        Vaults |  11394 |   8194 |   3200 |   1155 |   3951 |   5 | 2278.8 |
         Crypt |   5313 |   3954 |   1359 |    529 |   1150 |   3 | 1771.0 |
          Tomb |   4651 |   3886 |    765 |   1417 |    863 |   3 | 1550.3 |
        Depths |   7408 |   5484 |   1924 |   1176 |   1897 |   4 | 1852.0 |
          Hell |   1059 |    887 |    172 |     72 |    392 |   1 | 1059.0 |
           Dis |   2998 |   2820 |    178 |    596 |    439 |   7 |  428.3 |
       Gehenna |   4297 |   3975 |    322 |    893 |    815 |   7 |  613.9 |
       Cocytus |   3559 |   3426 |    133 |    745 |   1016 |   7 |  508.4 |
      Tartarus |   5312 |   4850 |    462 |   1085 |   1626 |   7 |  758.9 |
           Zot |   9292 |   7851 |   1441 |   1598 |   3707 |   5 | 1858.4 |
         Abyss |   8491 |   8491 |      0 |     61 |    129 |   3 | 2830.3 |
   Pandemonium |  14481 |  14481 |      0 |   2639 |   4105 |  13 | 1113.9 |
        Bazaar |    249 |    249 |      0 |      0 |     85 |   2 |  124.5 |
         Trove |    127 |    127 |      0 |      0 |     56 |   1 |  127.0 |
        Bailey |    662 |    662 |      0 |    216 |      0 |   1 |  662.0 |
      Ice Cave |    559 |    559 |      0 |    317 |      0 |   1 |  559.0 |
        Wizlab |    338 |    338 |      0 |     21 |      3 |   1 |  338.0 |
               +--------+--------+--------+--------+--------+-----+--------+

Top non-repeatable levels by time:
 Abyss:2: 6601 daAuts
   Tar:7: 3661 daAuts
    D:15: 3268 daAuts
    D:13: 3094 daAuts
Vaults:1: 2748 daAuts
   Elf:3: 2746 daAuts
 Crypt:3: 2713 daAuts
   Zot:5: 2546 daAuts
Depths:4: 2454 daAuts
  Tomb:1: 2381 daAuts
    D:14: 2311 daAuts
   Zot:3: 2302 daAuts
Vaults:5: 2293 daAuts
Vaults:2: 2281 daAuts
     D:8: 2192 daAuts

Table legend:
 A = Non-vault XP
 B = Vault XP
 C = Vault XP percentage of total XP
 D = Non-vault monster count
 E = Vault monster count
 F = Vault count percentage of total count
                 A         B        C        D         E       F
            +---------+---------+-------+---------+---------+-------
      Total | 2138915 | 1860627 |  46.5 |    3337 |    1862 |  35.8
            +---------+---------+-------+---------+---------+-------
        D:1 |      43 |       0 |   0.0 |      25 |       0 |   0.0
        D:2 |      92 |       0 |   0.0 |      20 |       0 |   0.0
        D:3 |      43 |     208 |  82.9 |      10 |       5 |  33.3
        D:4 |     167 |     642 |  79.4 |      12 |       2 |  14.3
        D:5 |     627 |       5 |   0.8 |      17 |       1 |   5.6
        D:6 |    1395 |     302 |  17.8 |      25 |       3 |  10.7
        D:7 |     883 |    1480 |  62.6 |      29 |       6 |  17.1
        D:8 |    1732 |    3382 |  66.1 |      22 |       7 |  24.1
        D:9 |    3416 |       0 |   0.0 |      26 |       0 |   0.0
       D:10 |    1768 |    2136 |  54.7 |      13 |       4 |  23.5
       D:11 |    1752 |     115 |   6.2 |      18 |       1 |   5.3
       D:12 |    4466 |     750 |  14.4 |      17 |       9 |  34.6
       D:13 |   10698 |    5806 |  35.2 |      21 |      11 |  34.4
       D:14 |   18066 |    1056 |   5.5 |      34 |       1 |   2.9
       D:15 |   14150 |    4457 |  24.0 |      34 |       9 |  20.9
     Lair:1 |   11052 |    1123 |   9.2 |      25 |       9 |  26.5
     Lair:2 |    6280 |    6248 |  49.9 |      20 |      12 |  37.5
     Lair:3 |   12194 |    2654 |  17.9 |      55 |      11 |  16.7
     Lair:4 |    4887 |       0 |   0.0 |      22 |       0 |   0.0
     Lair:5 |   19340 |    8898 |  31.5 |      64 |      47 |  42.3
   Shoals:1 |   15338 |    1400 |   8.4 |      28 |       1 |   3.4
   Shoals:2 |   16856 |    7656 |  31.2 |      36 |      13 |  26.5
   Shoals:3 |    9428 |    5957 |  38.7 |      18 |       9 |  33.3
   Shoals:4 |    5801 |   25150 |  81.3 |      12 |      35 |  74.5
    Snake:1 |   13232 |    8479 |  39.1 |      29 |      10 |  25.6
    Snake:2 |   16605 |       0 |   0.0 |      31 |       0 |   0.0
    Snake:3 |   25576 |    4905 |  16.1 |      53 |      10 |  15.9
    Snake:4 |   31006 |   28276 |  47.7 |      58 |      38 |  39.6
    Slime:1 |   18512 |       0 |   0.0 |      32 |       0 |   0.0
    Slime:2 |   16040 |    7124 |  30.8 |      43 |       1 |   2.3
    Slime:3 |   15972 |    8233 |  34.0 |      42 |      12 |  22.2
    Slime:4 |   16289 |       0 |   0.0 |      30 |       0 |   0.0
    Slime:5 |   17178 |   34854 |  67.0 |      40 |      26 |  39.4
      Orc:1 |    2633 |     838 |  24.1 |      36 |       3 |   7.7
      Orc:2 |    2540 |    6717 |  72.6 |      30 |      42 |  58.3
      Elf:1 |   13827 |    6883 |  33.2 |      23 |      12 |  34.3
      Elf:2 |   24368 |   25246 |  50.9 |      41 |      31 |  43.1
      Elf:3 |   21495 |   42851 |  66.6 |      36 |      38 |  51.4
   Vaults:1 |   35837 |   41298 |  53.5 |      51 |      52 |  50.5
   Vaults:2 |   26160 |   15250 |  36.8 |      48 |      25 |  34.2
   Vaults:3 |   34358 |   22168 |  39.2 |      47 |      22 |  31.9
   Vaults:4 |   10908 |   18952 |  63.5 |      17 |      23 |  57.5
   Vaults:5 |   12608 |  112799 |  89.9 |      22 |     107 |  82.9
    Crypt:1 |   34239 |    7291 |  17.6 |      55 |      11 |  16.7
    Crypt:2 |   12120 |    6373 |  34.5 |      20 |       6 |  23.1
    Crypt:3 |       0 |   64259 | 100.0 |       0 |     104 | 100.0
     Tomb:1 |   18117 |  123916 |  87.2 |      29 |      73 |  71.6
     Tomb:2 |   19196 |   39069 |  67.1 |      46 |      57 |  55.3
     Tomb:3 |    8078 |   48222 |  85.7 |      22 |      57 |  72.2
   Depths:1 |   38006 |    2734 |   6.7 |      44 |       5 |  10.2
   Depths:2 |   19154 |    5613 |  22.7 |      24 |       7 |  22.6
   Depths:3 |   18558 |   23813 |  56.2 |      17 |      17 |  50.0
   Depths:4 |    1732 |   89276 |  98.1 |       5 |      86 |  94.5
       Hell |   14522 |   34851 |  70.6 |      23 |      41 |  64.1
      Dis:1 |   17182 |       0 |   0.0 |      10 |       0 |   0.0
      Dis:2 |   23547 |       0 |   0.0 |      12 |       0 |   0.0
      Dis:3 |   20951 |       0 |   0.0 |      13 |       0 |   0.0
      Dis:4 |   18979 |       0 |   0.0 |      10 |       0 |   0.0
      Dis:5 |   19881 |       0 |   0.0 |      12 |       0 |   0.0
      Dis:6 |   20575 |       0 |   0.0 |      11 |       0 |   0.0
      Dis:7 |   36617 |  125621 |  77.4 |      20 |      87 |  81.3
      Geh:1 |   20597 |       0 |   0.0 |      20 |       0 |   0.0
      Geh:2 |   10583 |       0 |   0.0 |      11 |       0 |   0.0
      Geh:3 |   12979 |       0 |   0.0 |      10 |       0 |   0.0
      Geh:4 |   18278 |       0 |   0.0 |      19 |       0 |   0.0
      Geh:5 |   15174 |       0 |   0.0 |      15 |       0 |   0.0
      Geh:6 |   12057 |   22028 |  64.6 |       8 |      24 |  75.0
      Geh:7 |   23937 |   70106 |  74.5 |      17 |      41 |  70.7
      Coc:1 |   16704 |    9281 |  35.7 |      32 |      10 |  23.8
      Coc:2 |   22440 |       0 |   0.0 |      17 |       0 |   0.0
      Coc:3 |       0 |   39122 | 100.0 |       0 |      24 | 100.0
      Coc:4 |    9212 |       0 |   0.0 |      13 |       0 |   0.0
      Coc:5 |   20101 |       0 |   0.0 |      27 |       0 |   0.0
      Coc:6 |   38660 |       0 |   0.0 |      35 |       0 |   0.0
      Coc:7 |   33328 |  132217 |  79.9 |      38 |      73 |  65.8
      Tar:1 |    2632 |       0 |   0.0 |       4 |       0 |   0.0
      Tar:2 |   20345 |       0 |   0.0 |      16 |       0 |   0.0
      Tar:3 |   20755 |       0 |   0.0 |      21 |       0 |   0.0
      Tar:4 |    6861 |    3458 |  33.5 |       7 |       4 |  36.4
      Tar:5 |    8882 |       0 |   0.0 |       6 |       0 |   0.0
      Tar:6 |   18823 |       0 |   0.0 |      16 |       0 |   0.0
      Tar:7 |   15164 |  127973 |  89.4 |      10 |      91 |  90.1
      Zot:1 |   36837 |   10375 |  22.0 |      31 |       6 |  16.2
      Zot:2 |   65911 |   11889 |  15.3 |      55 |      12 |  17.9
      Zot:3 |   26464 |   26845 |  50.4 |      24 |      18 |  42.9
      Zot:4 |   42062 |       0 |   0.0 |      38 |       0 |   0.0
      Zot:5 |   77236 |  136742 |  63.9 |      66 |      56 |  45.9
    Abyss:1 |   47824 |       0 |   0.0 |      94 |       0 |   0.0
    Abyss:2 |  328510 |   10302 |   3.0 |     546 |      45 |   7.6
    Abyss:3 |   10804 |   10396 |  49.0 |      20 |      15 |  42.9
        Pan |  298683 |  191460 |  39.1 |     436 |     191 |  30.5
     Bailey |       0 |    1516 | 100.0 |       0 |      21 | 100.0
      IceCv |       0 |    3075 | 100.0 |       0 |      13 | 100.0
     WizLab |       0 |   18506 | 100.0 |       0 |      19 | 100.0
            +---------+---------+-------+---------+---------+-------
